 Dungeon Crawl Stone Soup version 0.24-a0-574-g7d3d5a4 (webtiles) character file.

Game seed: 679398342263221643

13278802 flyingllamaman the Conqueror (level 27, 199/199 HPs)
             Began as a Gargoyle Fighter on Aug 16, 2019.
             Was an Initiate of Gozag.
             Escaped with the Orb
             ... and 15 runes on Aug 20, 2019!
             The game lasted 09:24:56 (121991 turns).

flyingllamaman the Conqueror (Gargoyle Fighter)   Turns: 121991, Time: 09:24:57

Health: 199/199    AC: 64    Str: 33      XL:     27
Magic:  51/51      EV: 21    Int: 15 (17) God:    Gozag
Gold:   1823       SH: 25    Dex: 16      Spells: 34/75 levels left

rFire    + + +     SeeInvis .   a - +7 broad axe "Veicsoch" {chop, rElec rPois rF+++ Int-4}
rCold    + . .     Gourm    .   N - +5 shield {reflect}
rNeg     + + +     Faith    .   E - +8 orange crystal plate armour {Archmagi, Int+3 Clar}
rPois    ∞         Spirit   .   X - -2 hat of the Alchemist {rElec rPois rF+ rC+ rN+ MR+ rMut rCorr}
rElec    +         Reflect  +   W - scarf {cloud immunity}
rCorr    +         Harm     .   Y - +0 pair of gloves of the Will of the Gods {rElec rPois rF+ rN+}
rMut     +         Clarity  +   e - +2 pair of boots {run}
MR       +++..     NoTele   +   m - amulet of the Lich-sworn {Regen+ Slay+3}
Stlth    ..........             S - ring "Suummib" {-Tele Str+3 Int+6 Dex+4}
HPRegen  0.83/turn              C - ring of the Firefly {Wiz Int+5}
MPRegen  0.32/turn

@: flying, quick
A: big wings, hooves 1, thin skeletal structure 1, dopey 2, negative energy
resistance 1, electricity resistance, unbreathing, petrification resistance, rot
immunity, AC +20
0: Orb of Zot
}: 15/15 runes: decaying, serpentine, slimy, silver, golden, iron, obsidian,
icy, bone, abyssal, demonic, glowing, magical, fiery, dark
a: Stop Flying, Potion Petition, Call Merchant, Bribe Branch, Renounce Religion


You escaped.
You worshipped Gozag.
Gozag was most pleased with you.
You were not hungry.

You visited 18 branches of the dungeon, and saw 90 of its levels.
You visited Pandemonium 1 time, and saw 17 of its levels.
You visited the Abyss 5 times.
You visited 1 bazaar.
You visited 1 ziggurat, and saw 15 of its levels.
You also visited: Wizlab.

You collected 69207 gold pieces.
You spent 10446 gold pieces at shops.
You paid 56938 gold pieces to Gozag.

Inventory:

Hand Weapons
 a - the +7 broad axe "Veicsoch" (weapon) {chop, rElec rPois rF+++ Int-4}
   (You bought it in a shop on level 2 of the Lair of Beasts)

   It inflicts extra damage upon your enemies.
   It affects your intelligence (-4).
   It renders you almost immune to fire.
   It insulates you from electricity.
   It protects you from poison.
 r - the +6 scythe of Gozag's Brutal Revenge {holy, rElec Str+2 Dex+4}
   (You found it on level 3 of the Tomb of the Ancients)

   It has been blessed by the Shining One to cause great damage to the undead
   and demons.
   It affects your strength (+2).
   It affects your dexterity (+4).
   It insulates you from electricity.
Armour
 e - a +2 pair of boots of running (worn)
 E - the +8 orange crystal plate armour (worn) {Archmagi, Int+3 Clar}
   (You bought it in a shop on level 2 of the Elven Halls)

   It affects your intelligence (+3).
   It protects you against confusion.
 N - a +5 shield of reflection (worn)
 W - a scarf of cloud immunity (worn)
 X - the -2 hat of the Alchemist (worn) {rElec rPois rF+ rC+ rN+ MR+ rMut rCorr}
   (You found it on level 14 of a ziggurat)

   It protects you from fire.
   It protects you from cold.
   It insulates you from electricity.
   It protects you from poison.
   It protects you from negative energy.
   It affects your resistance to hostile enchantments.
   It provides partial protection from all sources of acid and corrosion.
   It protects you from mutation.
 Y - the +0 pair of gloves of the Will of the Gods (worn) {rElec rPois rF+ rN+}
   (You found it on level 3 of the Swamp)

   It protects you from fire.
   It insulates you from electricity.
   It protects you from poison.
   It protects you from negative energy.
Jewellery
 b - the amulet of Datt {Spirit rF+ MR+}
   (You found it on level 3 of the Depths)

   [amulet of guardian spirit]

   It causes incoming damage to be split between your health and magic.
   It protects you from fire.
   It affects your resistance to hostile enchantments.
 c - the amulet of Joiguntilu {Acrobat +Blink rN+}
   (You found it in Pandemonium)

   [amulet of the acrobat]

   It helps you evade while moving and waiting.
   It protects you from negative energy.
   It lets you blink.
 m - the amulet of the Lich-sworn (around neck) {Regen+ Slay+3}
   (You found it on level 12 of a ziggurat)

   [amulet of regeneration]

   It affects your accuracy and damage with ranged weapons and melee attacks
   (+3).
   It increases your rate of regeneration.
 y - the ring "Ebbodaqu" {Wiz rN+ MP+9 Dex+4 SInv}
   (You found it on level 3 of the Realm of Zot)

   [ring of wizardry]

   It improves your spell success rate.
   It affects your dexterity (+4).
   It protects you from negative energy.
   It affects your magic capacity (+9).
   It lets you see invisible.
 z - the ring of the Commoners {MR+ MP+9 Int+4}
   (You took it off a seraph in Pandemonium)

   [ring of magical power]

   It affects your intelligence (+4).
   It affects your resistance to hostile enchantments.
   It affects your magic capacity (+9).
 A - the ring of Robustness {AC+8}
   (You bought it in a shop on level 2 of the Snake Pit)

   [ring of protection]

   It affects your AC (+8).
 C - the ring of the Firefly (right hand) {Wiz Int+5}
   (You found it on level 3 of the Elven Halls)

   [ring of wizardry]

   It improves your spell success rate.
   It affects your intelligence (+5).
 D - the ring of Phasing {EV+8}
   (You bought it in a shop on level 2 of the Snake Pit)

   [ring of evasion]

   It affects your evasion (+8).
 H - the ring of Mocypoann {+Blink rC+ rN+ SInv Stlth+}
   (You found it on level 10 of the Dungeon)

   [ring of stealth]

   It protects you from cold.
   It protects you from negative energy.
   It lets you see invisible.
   It lets you blink.
   It makes you more stealthy.
 M - the ring of Puxkic {+Inv Dex+5}
   (You found it in Pandemonium)

   [ring of dexterity]

   It affects your dexterity (+5).
   It lets you turn invisible.
 O - the amulet "Venino" {Spirit Dex+8}
   (You found it on level 7 of Cocytus)

   [amulet of guardian spirit]

   It causes incoming damage to be split between your health and magic.
   It affects your dexterity (+8).
 S - the ring "Suummib" (left hand) {-Tele Str+3 Int+6 Dex+4}
   (You took it off a deep elf annihilator on level 3 of the Elven Halls)

   [ring of dexterity]

   It affects your strength (+3).
   It affects your intelligence (+6).
   It affects your dexterity (+4).
   It prevents most forms of teleportation.
 Z - the amulet "Gusin" {Gourm rElec MP-9 Int+3}
   (You found it on level 3 of the Realm of Zot)

   [amulet of the gourmand]

   It allows you to eat raw meat even when not hungry.
   It affects your intelligence (+3).
   It insulates you from electricity.
   It affects your magic capacity (-9).
Wands
 g - a wand of acid (37)
 h - a wand of disintegration (12)
 l - a wand of flame (10)
 u - a wand of clouds (8)
 v - a wand of paralysis (22)
 x - a wand of enslavement (21)
 P - a wand of iceblast (63)
 R - a wand of scattershot (7)
 V - a wand of digging (14)
Scrolls
 d - 11 scrolls of enchant armour
 j - 5 scrolls of amnesia
 k - 3 scrolls of blinking
 n - 38 scrolls of teleportation
 t - 20 scrolls of fear
 F - 59 scrolls of remove curse
 K - 8 scrolls of fog
 T - 16 scrolls of enchant weapon
Potions
 i - 2 potions of mutation
 o - 2 potions of magic
 p - 2 potions of invisibility
 q - 5 potions of berserk rage
 s - a potion of might
 w - 3 potions of cancellation
 B - 8 potions of agility
 I - 21 potions of curing
 L - 2 potions of resistance
 Q - a potion of ambrosia
Miscellaneous
 G - a figurine of a ziggurat
 J - a lightning rod (4/4)
 U - a lightning rod (4/4)
Comestibles
 f - 45 rations


   Skills:
 O Level 27 Fighting
 - Level 22.7 Axes
 - Level 1.8(15.6) Polearms
   Level 1.3(1.9) Staves
 - Level 1.6 Throwing
 O Level 27 Armour
 - Level 20.5 Dodging
 - Level 0.1 Stealth
 O Level 27 Shields
 - Level 1.6 Unarmed Combat
 + Level 24.6 Spellcasting
 - Level 20.0 Summonings
 - Level 22.9 Translocations
 O Level 27 Earth Magic
 - Level 1.5 Evocations


You had 34 spell levels left.
You knew the following spells:

 Your Spells              Type           Power        Failure   Level  Hunger
a - Summon Butterflies    Summ           #######.     0%          1    None
b - Darkness              Hex            ####......   99%         6    ####...
c - Controlled Blink      Tloc           N/A          2%          8    #######
d - Apportation           Tloc           ######       0%          1    None
e - Malign Gateway        Summ/Tloc      #######...   1%          7    ######.
f - Summon Lightning Spi  Summ/Air       ######..     1%          4    None
g - Aura of Abjuration    Summ           #######...   1%          5    ##.....
h - Shatter               Erth           #######...   6%          9    #######

Your spell library contained the following spells:

 Spells                   Type           Power        Failure   Level  Hunger
 Sandblast                Erth           ######       0%          1    None
 Summon Small Mammal      Summ           ####         0%          1    None
 Blink                    Tloc           N/A          0%          2    None
 Call Imp                 Summ           #######.     0%          2    None
 Call Canine Familiar     Summ           #######.     0%          3    None
 Gell's Gravitas          Tloc           #######...   0%          3    None
 Lesser Beckoning         Tloc           #######...   0%          3    None
 Recall                   Summ/Tloc      N/A          0%          3    None
 Teleport Other           Tloc           #######.     0%          3    None
 Lee's Rapid Deconstruct  Erth           #######...   0%          5    ##.....
 Passwall                 Tmut/Erth      ######..     1%          2    None
 Shroud of Golubria       Chrm/Tloc      ######       1%          2    None
 Portal Projectile        Hex/Tloc       ######       1%          3    None
 Stone Arrow              Conj/Erth      ######       1%          3    None
 Summon Guardian Golem    Hex/Summ       ######..     1%          3    None
 Force Lance              Conj/Tloc      ######..     1%          4    None
 Leda's Liquefaction      Hex/Erth       ######....   1%          4    None
 Petrify                  Tmut/Erth      ######..     1%          4    None
 Summon Ice Beast         Ice/Summ       ######..     1%          4    None
 Borgnjor's Vile Clutch   Necr/Erth      ######....   1%          5    ##.....
 Summon Demon             Summ           #######...   1%          5    ##.....
 Summon Forest            Summ/Tloc      #######...   1%          5    ##.....
 Summon Mana Viper        Hex/Summ       ######..     1%          5    ##.....
 Dispersal                Tloc           #######...   1%          6    ####...
 Shadow Creatures         Summ           N/A          1%          6    ####...
 Monstrous Menagerie      Summ           #######...   1%          7    ######.
 Summon Greater Demon     Summ           #######...   1%          7    ######.
 Summon Hydra             Summ           #######...   1%          7    ######.
 Bolt of Magma            Conj/Fire/Erth ######....   2%          5    ##.....
 Iron Shot                Conj/Erth      ######....   2%          6    ####...
 Disjunction              Tloc           #######...   2%          8    #######
 Animate Skeleton         Necr           N/A          4%          1    None
 Beastly Appendage        Tmut           ####..       4%          1    None
 Confusing Touch          Hex            ####..       4%          1    None
 Corona                   Hex            ####...      4%          1    None
 Flame Tongue             Conj/Fire      ####.        4%          1    None
 Infusion                 Chrm           ####         4%          1    None
 Magic Dart               Conj           ####         4%          1    None
 Pain                     Necr           ####         4%          1    None
 Shock                    Conj/Air       ####         4%          1    None
 Sting                    Conj/Pois      ####         4%          1    None
 Corpse Rot               Necr           N/A          6%          2    None
 Ensorcelled Hibernation  Hex/Ice        ####..       6%          2    None
 Poisonous Vapours        Pois/Air       ####..       6%          2    None
 Searing Ray              Conj           ####..       6%          2    None
 Slow                     Hex            ####....     6%          2    None
 Song of Slaying          Chrm           ####....     6%          2    None
 Sticks to Snakes         Tmut           ####....     6%          2    None
 Swiftness                Chrm/Air       ####....     6%          2    None
 Throw Flame              Conj/Fire      ####..       6%          2    None
 Summon Horrible Things   Summ           #######...   7%          8    #######
 Confuse                  Hex            ####....     12%         3    None
 Conjure Flame            Conj/Fire      ####....     12%         3    None
 Dazzling Spray           Conj/Hex       ####..       12%         3    None
 Ignite Poison            Fire/Tmut/Pois ####....     12%         3    None
 Inner Flame              Hex/Fire       ####....     12%         3    None
 Mephitic Cloud           Conj/Pois/Air  ####....     12%         3    None
 Regeneration             Chrm/Necr      ####......   12%         3    None
 Spectral Weapon          Hex/Chrm       ####....     12%         3    None
 Spider Form              Tmut/Pois      ####......   12%         3    None
 Static Discharge         Conj/Air       ####....     12%         3    None
 Tukima's Dance           Hex            ####....     12%         3    None
 Vampiric Draining        Necr           ####......   12%         3    None
 Airstrike                Air            ####......   36%         4    None
 Animate Dead             Necr           N/A          36%         4    None
 Cause Fear               Hex            ####......   36%         4    None
 Fulminant Prism          Conj/Hex       ####......   36%         4    None
 Ice Form                 Ice/Tmut       ####....     36%         4    None
 Iskenderun's Mystic Bla  Conj           ####....     36%         4    None
 Olgreb's Toxic Radiance  Pois           ####....     36%         4    None
 Sticky Flame             Conj/Fire      ####....     36%         4    None
 Spellforged Servitor     Conj/Summ      ######....   45%         7    ######.
 Lehudib's Crystal Spear  Conj/Erth      ######....   67%         8    #######
 Agony                    Necr           ####....     69%         5    ##.....
 Alistair's Intoxication  Tmut/Pois      ####....     69%         5    ##.....
 Blade Hands              Tmut           ####......   69%         5    ##.....
 Bolt of Draining         Conj/Necr      ####......   69%         5    ##.....
 Dispel Undead            Necr           ####....     69%         5    ##.....
 Excruciating Wounds      Chrm/Necr      ####......   69%         5    ##.....
 Fireball                 Conj/Fire      ####......   69%         5    ##.....
 Irradiate                Conj/Tmut      ####......   69%         5    ##.....
 Iskenderun's Battlesphe  Conj/Chrm      ####....     69%         5    ##.....
 Lightning Bolt           Conj/Air       ####......   69%         5    ##.....
 Metabolic Englaciation   Hex/Ice        ####......   69%         5    ##.....
 Silence                  Hex/Air        ####......   69%         5    ##.....
 Venom Bolt               Conj/Pois      ####......   69%         5    ##.....
 Yara's Violent Unravell  Hex/Tmut       ####......   69%         5    ##.....
 Dragon's Call            Summ           #######...   69%         9    #######
 Bolt of Cold             Conj/Ice       ####......   99%         6    ####...
 Bolt of Fire             Conj/Fire      ####......   99%         6    ####...
 Conjure Ball Lightning   Conj/Air       ####......   99%         6    ####...
 Death Channel            Necr           ####......   99%         6    ####...
 Deflect Missiles         Chrm/Air       ####......   99%         6    ####...
 Freezing Cloud           Conj/Ice/Air   ####......   99%         6    ####...
 Invisibility             Hex            ####....     99%         6    ####...
 Ozocubu's Refrigeration  Ice            ####......   99%         6    ####...
 Poison Arrow             Conj/Pois      ####......   99%         6    ####...
 Simulacrum               Ice/Necr       ####......   99%         6    ####...
 Dragon Form              Tmut           ####......   100%        7    ######.
 Orb of Destruction       Conj           ####......   100%        7    ######.
 Ring of Flames           Chrm/Fire      ####......   100%        7    ######.
 Chain Lightning          Conj/Air       ####......   100%        8    #######
 Discord                  Hex            ####......   100%        8    #######
 Ignition                 Fire           ####......   100%        8    #######
 Necromutation            Tmut/Necr      ####......   100%        8    #######
 Fire Storm               Conj/Fire      ####......   100%        9    #######
 Glaciate                 Conj/Ice       ####......   100%        9    #######
 Tornado                  Air            ####......   100%        9    #######
 Passage of Golubria      Tloc           Unusable     N/A         4    N/A
 Statue Form              Tmut/Erth      Unusable     N/A         6    N/A
 Sublimation of Blood     Necr           Unusable     N/A         2    N/A

Dungeon Overview and Level Annotations

Branches:
Dungeon (15/15)            Temple (1/1) D:7            Lair (6/6) D:9
  Swamp (4/4) Lair:2        Snake (4/4) Lair:3        Slime (5/5) Lair:6
    Orc (2/2) D:9             Elf (3/3) Orc:2        Vaults (5/5) D:13
  Crypt (3/3) Vaults:3       Tomb (3/3) Crypt:3      Depths (5/5) D:15
   Hell (1/1)                 Dis (7/7) Hell            Geh (7/7) Hell
    Coc (7/7) Hell            Tar (7/7) Hell            Zot (5/5) Depths:5

Altars:
Ashenzari
Dithmenos
Elyvilon
Fedhas
Gozag
Hepliaklqana
Kikubaaqudgha
Nemelex Xobeh
Okawaru
Ru
Sif Muna
Uskayaw
Vehumet
Wu Jian
Xom
Yredelemnul
Zin
The Shining One
Beogh
Jiyva

Shops:
D:5 ?   D:8 [   D:11 (   D:12 [   D:15 *   Temple [   Orc:1 (   Orc:2 (([(
Elf:1 ?   Elf:2 ([   Elf:3 [   Lair:2 (   Lair:6 *   Snake:2 =   Vaults:1 ?
Vaults:3 [   Vaults:4 [   Hell [(   Dis:7 (   Depths:1 }==   Depths:2 ((
Depths:3 (   Depths:5 =

Portals:
Hell: Depths:1 Depths:2 Depths:3 Depths:4 Depths:5
Abyss: Depths:4 Depths:5
Pandemonium: Depths:3 Depths:5

Annotations:
Depths:4 6 runed translucent doors


Innate Abilities, Weirdness & Mutations

You are resistant to torment.
Your stone body is resilient. (AC +20)
You are immune to poison.
Your large and strong wings let you fly indefinitely.
You resist negative energy. (rN+)
You are resistant to electric shocks. (rElec)
You can survive without breathing.
You are immune to petrification.
You are immune to rotting.
You have large cloven feet.
You have a somewhat thin skeletal structure. (Dex +2, Stealth)
You are very dopey. (Int -4)


Message History

A neqoxec comes into view.
The neqoxec gestures at you.
Strange energies course through your body.
You feel stupid.
You feel a little less mighty now.
You feel a little less clever now. The neqoxec gestures at you.
Something tries to feed on your intellect!
The neqoxec gestures.
The neqoxec gestures at you.
Something tries to feed on your intellect!
You feel a little less agile now.
You reach down and open the door.
The neqoxec gestures at you.
Something tries to feed on your intellect!
There is an open door here.
There is a staircase leading out of the dungeon here.
The neqoxec gestures at you.
You feel dopey. Something feeds on your intellect!
You have escaped!

#..............#.#####.#
##...>.....###.##........
###.......................#
###.........................#
###...##.###..............(...#
##...#....###..........##.##+###
#....+....#.'+++++.###..........
#..###......+....+.# #..........
#.....#.....+..@.'.# #..........
##...........+....+.#
#######.###
##..#####....+....+.# #....
..........#..++++'+.### #####
##....................# #.
...(..................# #.
......##...######..#..# #.
....#.##.....####.53..# #.
.........#..##........### #.


You could see a neqoxec and a white imp.

Vanquished Creatures
  Antaeus (Coc:7)
  Asmodeus (Geh:7)
  6 pandemonium lords
  the Royal Jelly (Slime:5)
  Gloorx Vloq (Pan)
  Ereshkigal (Tar:7)
  A seraph (Pan)
  Mnoleg (Pan)
  Lom Lobon (Pan)
  Dispater (Dis:7)
  the Serpent of Hell (Tar:7)
  Khufu (Crypt:3)
  8 orbs of fire
  Mennas (Pan)
  3 juggernauts
  5 ancient liches
  27 greater mummies
  Sojobo (Vaults:4)
  Boris (Tomb:3)
  5 shard shrikes
  Frederick (Tomb:2)
  5 Killer Klowns
  Bai Suzhen (Swamp:3)
  5 curse toes
  Saint Roka (Vaults:4)
  A caustic shrike (Zig:12)
  The ghost of Wyvernaa the Hoplite, a veteran GrFi of Okawaru (Elf:3)
  10 golden dragons
  Geryon (Hell)
  3 profane servitors
  2 pearl dragons (Pan)
  Jory (Depths:5)
  33 bone dragons
  A hellephant (Pan)
  3 iron giants (Dis:7)
  24 Brimstone Fiends
  13 doom hounds
  38 Tzitzimimeh
  2 electric golems
  18 Orb Guardians
  14 liches
  Jorgrun (D:13)
  10 Hell Sentinels
  27 Ice Fiends
  Rupert (D:15)
  29 tentacled monstrosities
  A Cloud Mage (WizLab)
  9 quicksilver dragons
  5 titans
  A quicksilver dragon (shapeshifter) (Zig:12)
  3 deep elf blademasters
  21 acid blobs
  A deep elf master archer (Zig:10)
  16 sphinxes
  25 Executioners
  8 ancient champions
  13 tentacled starspawn
  2 shadow dragons (shapeshifter) (Zig:12)
  10 death cobs
  A sphinx (shapeshifter) (Vaults:4)
  10 tengu reavers
  The ghost of TwistedFlax the Markscentaur, an adept CeHu of Okawaru (Snake:2)
  19 storm dragons
  5 eldritch tentacles
  29 shadow dragons
  3 revenants
  6 nagarajas
  17 daevas
  8 draconian monks
  12 fire giants
  8 deep elf sorcerers
  2 orc warlords (Orc:2)
  9 draconian knights
  23 azure jellies
  12 iron dragons
  13 vault wardens
  A juggernaut zombie (Zig:14)
  14 frost giants
  9 ghost moths
  10 warmongers (Pan)
  38 balrugs
  18 ghouls
  6 curse skulls
  31 cacodemons
  4 caustic shrike zombies
  9 corrupters
  7 draconian scorchers
  15 draconian stormcallers
  Louise (Swamp:1)
  26 angels
  17 draconian annihilators
  11 war gargoyles
  2 spriggan defenders (Depths:2)
  3 deep elf elementalists
  62 reapers
  10 draconian shifters
  8 blood saints (Pan)
  25 ophanim
  34 very ugly things
  An entropy weaver (Vaults:4)
  20 stone giants
  8 ironheart preservers
  3 elemental wellsprings
  The ghost of suddenbreakfast the Fighter, a journeyman GrEE of Sif Muna (Lair:6)
  19 black draconians
  15 green draconians
  28 apis (Pan)
  12 black suns (Pan)
  10 vampire knights
  10 bennus
  A dire elephant (shapeshifter) (Zig:12)
  11 red draconians
  20 white draconians
  8 deep elf demonologists
  11 lorocyprocas
  12 yellow draconians
  4 spark wasps (WizLab)
  8 deep elf annihilators
  8 deep elf death magi
  18 ettins
  21 green deaths
  19 purple draconians
  Snorg (D:13)
  8 eidola
  2 merfolk javelineers (Zig:10)
  45 blizzard demons
  26 mummy priests
  A jiangshi (Crypt:1)
  4 deep elf high priests
  8 death oozes
  10 quicksilver dragon zombies
  12 fire dragons
  6 monstrous demonspawn (Pan)
  32 vault guards
  8 yaktaur captains
  12 rakshasas
  3 kraken zombies
  19 great orbs of eyes
  13 naga warriors
  3 hell beasts (Pan)
  27 hydras
  2 quicksilver dragon skeletons
  8 death knights
  37 ice dragons
  11 ghost crabs
  2 juggernaut simulacra (Pan)
  2 spriggan air magi (Depths:2)
  7 anacondas
  33 two-headed ogres
  3 shambling mangroves
  9 centaur warriors
  3 catoblepae
  9 deep troll shamans
  20 alligators
  3 death yaks (Lair:6)
  A two-headed ogre (shapeshifter) (Elf:3)
  59 death scarabs
  A queen ant (Lair:3)
  6 holy swine (Pan)
  A queen ant (shapeshifter) (Depths:2)
  50 hell hogs
  12 ogre magi
  5 tengu warriors
  6 deep troll earth magi
  13 titan zombies
  2 iron golems (Hell)
  3 orc high priests
  9 spriggan berserkers
  12 vampire magi
  4 titan skeletons
  9 naga sharpshooters
  Nergalle (D:10)
  9 shock serpents
  6 storm dragon zombies
  42 thrashing horrors
  51 soul eaters
  65 sun demons
  13 wretched stars
  7 spriggans
  31 hell knights
  136 skeletal warriors
  30 sixfirhies
  4 salamander mystics
  14 cherubim
  30 deep elf knights
  5 ghost moth zombies
  16 deep trolls
  3 iron trolls
  A fire crab (shapeshifter) (Vaults:5)
  19 shadow wraiths
  A spark wasp zombie (Zig:14)
  10 spatial maelstroms
  5 torturous demonspawn (Pan)
  4 death drakes
  A deep troll (shapeshifter) (Vaults:5)
  7 unseen horrors
  5 gelid demonspawn (Pan)
  4 storm dragon skeletons
  5 golden dragon zombies
  8 anaconda zombies
  26 shadow demons
  9 infernal demonspawn
  8 glowing orange brains
  4 naga ritualists (Snake:4)
  4 swamp dragons
  2 quicksilver dragon simulacra (Depths:5)
  6 wizards
  20 flayed ghosts
  A lindwurm (Lair:6)
  6 wolf spider zombies
  3 harpies (Vaults:5)
  12 orc knights
  3 spectral hydras (Swamp:4)
  9 shadow dragon zombies
  43 phantasmal warriors
  7 golden dragon skeletons
  18 ironbrand convokers
  6 anaconda skeletons
  85 deep elf magi
  13 necromancers
  16 deep elf archers
  A statue (Abyss:4)
  7 orc sorcerers
  11 salamanders
  7 frost giant zombies
  8 shadow dragon skeletons
  40 ugly things
  12 stone giant zombies
  A mana viper (shapeshifter) (Abyss:4)
  2 wolf spiders
  6 mana vipers
  12 manticores
  8 iron dragon zombies
  33 moths of wrath
  6 cyclopes
  7 shining eyes
  2 fauns (Zig:10)
  2 moths of wrath (shapeshifter)
  10 fire giant zombies
  3 iron dragon skeletons
  3 oklob plants
  4 worldbinders
  12 apocalypse crabs
  4 guardian serpents
  66 rust devils
  7 fire giant skeletons
  3 ice statues
  21 black mambas
  10 stone giant skeletons
  6 dire elephant zombies
  5 elephants (Lair:6)
  26 naga magi
  An elephant (shapeshifter) (Vaults:4)
  10 eyes of devastation
  A green draconian zombie (Dis:1)
  8 vault sentinels
  7 frost giant skeletons
  33 orange demons
  7 molten gargoyles
  48 smoke demons
  2 gargoyles (D:14)
  The ghost of ezpacito the Chopper, a novice DsGl (D:5)
  19 spiny frogs
  A yaktaur zombie (Hell)
  2 dire elephant skeletons
  A white draconian zombie (Crypt:2)
  A rime drake (shapeshifter) (Vaults:4)
  A yellow draconian zombie (Crypt:3)
  3 kobold demonologists
  A komodo dragon (shapeshifter) (Zig:12)
  A catoblepas zombie (Geh:3)
  14 demonic crawlers
  12 efreet
  52 hellions
  A spriggan skeleton (Zig:14)
  3 swamp worm zombies (Swamp:4)
  An emperor scorpion zombie (Geh:7)
  An iron troll zombie (Crypt:1)
  4 rime drakes
  37 freezing wraiths
  A minotaur zombie (Dis:1)
  46 yaktaurs
  2 catoblepas skeletons
  2 tengu conjurers (Depths:2)
  11 komodo dragons
  26 hellwings
  57 guardian mummies
  57 tormentors
  An anaconda simulacrum (Coc:4)
  61 red devils
  27 hydra zombies
  40 ice devils
  4 harpy zombies
  A queen bee (Lair:2)
  A green draconian skeleton (Crypt:2)
  6 trolls
  6 jumping spiders (Crypt:3)
  13 ancient zymes
  2 meliai (shapeshifter)
  5 silent spectres
  A troll (shapeshifter) (Vaults:3)
  A queen bee (shapeshifter) (Vaults:4)
  3 harpy skeletons
  13 hornets
  2 spectral swamp dragons (Swamp:4)
  A shadow dragon simulacrum (Abyss:4)
  12 tyrant leeches
  A sphinx simulacrum (Vaults:3)
  A wind drake (shapeshifter) (Elf:3)
  90 slime creatures
  17 raiju
  A fire giant simulacrum (Vaults:3)
  A wind drake (WizLab)
  8 dream sheep
  A slime creature (shapeshifter) (Depths:5)
  20 bog bodies
  31 blink frogs
  17 hydra skeletons
  11 alligator zombies
  2 stone giant simulacra
  A hippogriff (shapeshifter) (Vaults:5)
  4 ice dragon zombies
  12 hippogriffs
  A dream sheep (shapeshifter) (Abyss:4)
  A spriggan zombie (Hell)
  8 fire dragon zombies
  23 small abominations
  67 starcursed masses
  133 flying skulls
  34 ynoxinuls
  An iron dragon simulacrum (Coc:2)
  10 ettin zombies
  5 ice dragon skeletons
  A spriggan (shapeshifter) (D:15)
  46 wraiths
  10 air elementals
  2 redbacks (Crypt:3)
  4 fire dragon skeletons
  12 water elementals
  4 alligator skeletons
  32 shadows
  6 ettin skeletons
  2 vampires
  3 black mamba zombies
  19 ushabtiu
  19 fire elementals
  7 humans (D:13)
  36 yaks
  2 wyverns (shapeshifter)
  A basilisk (shapeshifter) (Vaults:5)
  2 black mamba skeletons
  2 hogs (shapeshifter)
  5 wyverns
  A catoblepas simulacrum (Tar:2)
  6 hungry ghosts
  4 fire bats (Geh:3)
  7 golden eyes
  20 vampire mosquitoes
  4 basilisks
  31 chaos spawn
  2 elf zombies
  3 steam dragons
  35 neqoxecs
  7 spatial vortices
  A warg (shapeshifter) (Elf:3)
  Menkaure (D:4)
  34 nagas
  15 insubstantial wisps
  10 wargs
  5 soldier ants (Lair:3)
  An acid dragon (Lair:6)
  A merfolk zombie (Dis:7)
  15 swamp worms
  6 spiny frog zombies
  21 water moccasins
  A merfolk skeleton (Coc:2)
  3 floating eyes (Pan)
  A faun skeleton (Crypt:1)
  10 porcupines
  118 hell hounds
  8 snapping turtle zombies
  A torturous demonspawn skeleton (Crypt:2)
  A floating eye (shapeshifter) (Zig:13)
  6 swamp drakes
  An alligator simulacrum (Coc:1)
  95 large abominations
  A sky beast (shapeshifter) (Elf:3)
  A water nymph skeleton (Crypt:2)
  A sky beast (D:12)
  51 orc warriors
  5 ettin simulacra
  15 ice beasts
  A dream sheep zombie (Crypt:2)
  5 swamp dragon zombies
  3 manticore zombies
  3 spiny frog skeletons
  A black bear (D:11)
  22 eyes of draining
  30 necrophages
  A black bear (shapeshifter) (Elf:3)
  17 phantoms
  A hornet zombie (D:13)
  24 ogres
  3 boggarts
  5 wolves
  2 manticore skeletons
  5 snapping turtle skeletons
  A swamp dragon skeleton (Crypt:3)
  5 elf skeletons
  24 centaurs
  15 crocodiles
  18 bullfrogs
  8 earth elementals
  4 big kobolds
  A salamander skeleton (Crypt:1)
  A spiny frog simulacrum (Coc:6)
  A glowing shapeshifter simulacrum (Vaults:3)
  8 wyvern skeletons (Crypt:3)
  6 scorpions
  A water moccasin skeleton (Crypt:1)
  26 killer bees
  A swamp dragon simulacrum (Coc:7)
  100 wights
  8 howler monkeys
  10 electric eels
  2 centaur zombies
  22 crimson imps
  2 bullfrog zombies
  4 jellies
  2 quasits (D:10)
  4 centaur skeletons
  20 iron imps
  11 hounds
  22 orc priests
  A gnoll shaman (D:4)
  4 bullfrog skeletons
  A human skeleton (Geh:6)
  4 iguanas
  32 orc wizards
  2 spectral swamp drakes (Swamp:4)
  A worker ant (shapeshifter) (Zig:12)
  25 worker ants
  2 naga zombies
  A dwarf zombie (Crypt:1)
  A sky beast zombie (Crypt:1)
  A naga skeleton (Coc:7)
  A crocodile skeleton (Crypt:2)
  A hound zombie (D:7)
  61 mummies
  Robin (D:3)
  2 howler monkey zombies
  2 worker ant zombies
  A howler monkey skeleton (D:9)
  A swamp drake zombie (Swamp:4)
  18 adders
  11 shadow imps
  24 white imps
  3 ufetubi
  An ooze (D:1)
  A worm zombie (Crypt:1)
  2 adder zombies
  3 adder skeletons
  A worm (shapeshifter) (Depths:1)
  3 worms
  10 ball lightnings (Pan)
  2 dart slugs (D:2)
  6 leopard geckos
  104 orcs
  A ball python (Lair:3)
  11 bats
  A giant cockroach (shapeshifter) (Depths:2)
  6 giant cockroaches
  12 goblins
  9 hobgoblins
  12 jackals
  16 kobolds
  4 quokkas
  5 frilled lizards
  A frilled lizard skeleton (Crypt:1)
  2 kobold skeletons
  A leopard gecko zombie (D:5)
  An orc skeleton (Tar:1)
  An orc zombie (Geh:7)
  2 quokka zombies
  8 rats
  2 blocks of ice (Pan)
  5 briar patches (Zig:8)
  4 fungi
  2 lurking horrors (Abyss:4)
  24 plants
  14 starspawn tentacles
  6 tentacles
  7 withered plants (Crypt:3)
5878 creatures vanquished.

Vanquished Creatures (collateral kills)
  An orb of fire (Zot:5)
  A greater mummy (Tomb:1)
  A curse toe (Zot:5)
  An electric golem (Zot:5)
  A tentacled monstrosity (Zot:3)
  5 Orb Guardians (Zot:5)
  3 acid blobs (Slime:5)
  A storm dragon (Zot:3)
  A death cob (Zot:3)
  A shadow dragon (Zot:3)
  A frost giant (Coc:7)
  An elemental wellspring (Coc:7)
  3 blizzard demons (Coc:7)
  A green death (Pan)
  A great orb of eyes (Slime:5)
  An ice dragon (Coc:7)
  A dancing weapon (Elf:3)
  4 death scarabs
  A skeletal warrior (Tomb:3)
  An iron dragon zombie (Coc:7)
  An iron dragon skeleton (Coc:7)
  4 moths of wrath
  A smoke demon (Pan)
  An ice devil (Coc:7)
  A hellwing (Pan)
  2 freezing wraiths (Coc:7)
  3 bog bodies (Coc:7)
  An alligator zombie (Coc:7)
  A white imp (Coc:7)
  A ball lightning (Pan)
47 creatures vanquished.

Vanquished Creatures (others)
  Cerebov (Pan)
  A lich (Pan)
  2 deep elf master archers (Elf:3)
  15 eldritch tentacles
  A shadow dragon (Vaults:5)
  A thorn hunter (Zig:8)
  A draconian knight (Zot:4)
  Aizul (Snake:2)
  2 elemental wellsprings
  2 stone giants
  Nessos (Lair:4)
  A minotaur (Lair:6)
  A deep elf annihilator (Pan)
  3 blizzard demons
  A green death (Pan)
  A hydra (Zig:8)
  A naga warrior (Snake:3)
  3 yaktaur captains
  A vault guard (D:13)
  A rakshasa (Pan)
  3 spriggan air magi (WizLab)
  27 dancing weapons
  An alligator (Swamp:4)
  A satyr (Zig:10)
  2 hell hogs
  3 naga sharpshooters
  A soul eater (Depths:5)
  A shadow wraith (Tar:7)
  2 skeletal warriors
  5 deep elf archers
  A shadow demon (Tar:3)
  A swamp dragon (Zig:8)
  A glowing orange brain (Pan)
  A deep elf mage (Abyss:4)
  A stone giant zombie (Geh:7)
  A large abomination (Abyss:3)
  2 cyclopes
  A rust devil (Dis:7)
  2 apocalypse crabs
  A spiny frog (Zig:8)
  A molten gargoyle (Geh:7)
  3 smoke demons (Pan)
  8 yaktaurs
  A red devil (Pan)
  3 hellwings (Pan)
  A tyrant leech (Zig:8)
  An ettin zombie (Tar:7)
  A fire dragon zombie (Geh:7)
  2 flying skulls
  A chaos spawn (Abyss:3)
  A neqoxec (Pan)
  7 insubstantial wisps (Swamp:4)
  A naga (Abyss:1)
  A swamp drake (Swamp:2)
  A sky beast (D:10)
  A black bear (shapeshifter) (Depths:4)
  A necrophage (Dis:7)
  An eye of draining (Pan)
  2 centaurs (Vaults:3)
  A wight (Geh:1)
  2 crimson imps (Depths:3)
  An iron imp (Dis:4)
  A mummy (Tomb:3)
  21 ball lightnings (Pan)
  A block of ice (Pan)
  5 briar patches (Zig:8)
  2 demonic plants (Pan)
  4 fungi
  8 plants
  20 starspawn tentacles
  15 tentacles
  7 withered plants (Crypt:3)
225 creatures vanquished.

Grand Total: 6150 creatures vanquished

Notes
Turn   | Place    | Note
-------+----------+-------------------------------------------
     0 | D:1      | flyingllamaman the Gargoyle Fighter began the quest for the
                  | Orb.
     0 | D:1      | Reached XP level 1. HP: 14/14 MP: 1/1
   236 | D:1      | Reached XP level 2. HP: 18/19 MP: 2/2
   512 | D:1      | Reached XP level 3. HP: 21/24 MP: 3/3
   806 | D:2      | Found a basalt altar of Yredelemnul.
   816 | D:2      | Found an ornate altar of the Wu Jian Council.
   887 | D:2      | Found an opulent altar of Gozag.
   911 | D:2      | Became a worshipper of Gozag Ym Sagoz the Greedy
  1005 | D:2      | Found a blossoming altar of Fedhas.
  1086 | D:2      | Reached XP level 4. HP: 26/29 MP: 4/4
  1099 | D:2      | Found a hide-covered altar of Uskayaw.
  1099 | D:2      | Found a glowing golden altar of the Shining One.
  1099 | D:2      | Found a sparkling altar of Nemelex Xobeh.
  1621 | D:3      | Noticed Robin
  1634 | D:3      | Reached XP level 5. HP: 33/33 MP: 5/5
  1637 | D:3      | Killed Robin
  1988 | D:4      | Reached XP level 6. HP: 25/38 MP: 6/6
  2165 | D:4      | Noticed Menkaure
  2171 | D:4      | Killed Menkaure
  2187 | D:4      | Found a radiant altar of Vehumet.
  2592 | D:4      | Reached XP level 7. HP: 44/44 MP: 7/7
  2647 | D:4      | Reached skill level 5 in Axes
  2675 | D:4      | Reached skill level 5 in Shields
  2970 | D:5      | Entered Level 5 of the Dungeon
  2992 | D:5      | Found a hazy altar of Hepliaklqana.
  3161 | D:5      | Reached XP level 8. HP: 46/48 MP: 8/8
  3239 | D:5      | Reached skill level 5 in Fighting
  3284 | D:5      | Found Ackir's Magic Scroll Shoppe.
  3297 | D:5      | Bought a scroll of enchant weapon for 82 gold pieces
  3297 | D:5      | Bought a scroll of enchant weapon for 82 gold pieces
  3297 | D:5      | Bought a scroll of identify for 22 gold pieces
  3297 | D:5      | Bought a scroll of identify for 22 gold pieces
  3297 | D:5      | Bought a scroll of enchant weapon for 82 gold pieces
  3297 | D:5      | Bought a scroll of identify for 22 gold pieces
  3297 | D:5      | Bought a scroll of identify for 22 gold pieces
  3346 | D:5      | Reached skill level 1 in Dodging
  3583 | D:5      | Found a runed translucent door.
  3584 | D:5      | Noticed ezpacito's ghost (novice DsGl)
  3630 | D:5      | Killed ezpacito's ghost
  3630 | D:5      | Reached skill level 5 in Armour
  3641 | D:5      | Found a runed translucent door.
  4002 | D:6      | Found an ancient bone altar of Kikubaaqudgha.
  4147 | D:6      | Reached XP level 9. HP: 51/54 MP: 9/9
  4818 | D:6      | Got a faintly humming leather armour
  4829 | D:6      | Identified the +3 leather armour of Shielding {rF+ SInv}
                  | (You found it on level 6 of the Dungeon)
  5082 | D:7      | Found a shimmering altar of Xom.
  5098 | D:7      | Found a staircase to the Ecumenical Temple.
  5184 | D:7      | Noticed a purple ugly thing
  5267 | D:7      | Killed a purple ugly thing
  5827 | D:8      | Bought a pitted chain mail for 228 gold pieces
  5837 | D:8      | Identified the +7 chain mail of Sadd {rF+ rCorr} (You
                  | bought it in a shop on level 8 of the Dungeon)
  6071 | D:8      | Reached XP level 10. HP: 57/63 MP: 10/10
  6704 | D:9      | Reached skill level 10 in Axes
  6747 | D:9      | Found a staircase to the Lair.
  7086 | D:9      | Found a staircase to the Orcish Mines.
  7359 | D:9      | Found a shattered altar of Ashenzari.
  7409 | D:9      | Found a shimmering blue altar of Sif Muna.
  7476 | D:10     | Entered Level 10 of the Dungeon
  7498 | D:10     | Noticed Nergalle
  7499 | D:10     | Noticed a spectral orc warlord
  7520 | D:10     | Killed Nergalle
  7520 | D:10     | Reached XP level 11. HP: 66/69 MP: 11/11
  7597 | D:10     | Noticed a centaur warrior
  7613 | D:10     | Killed a centaur warrior
  7778 | D:10     | Noticed a two-headed ogre
  7789 | D:10     | Killed a two-headed ogre
  7926 | D:10     | Got a glittering jade ring
  8343 | D:11     | Noticed a manticore
  8354 | D:11     | Killed a manticore
  8373 | D:11     | Found an iron altar of Okawaru.
  8549 | D:11     | Noticed a brown ugly thing
  8567 | D:11     | Killed a brown ugly thing
  8652 | D:11     | Identified the ring of Mocypoann {+Blink rC+ rN+ SInv
                  | Stlth+} (You found it on level 10 of the Dungeon)
  8949 | D:12     | Reached skill level 10 in Fighting
  9179 | D:12     | Noticed a white ugly thing
  9195 | D:12     | Killed a white ugly thing
  9408 | D:12     | Noticed a two-headed ogre
  9422 | D:12     | Killed a two-headed ogre
  9422 | D:12     | Reached XP level 12. HP: 67/79 MP: 12/12
  9829 | D:12     | Bought a shiny shield for 172 gold pieces
  9829 | D:12     | Bought a runed helmet for 172 gold pieces
 10255 | D:13     | Noticed a two-headed ogre
 10267 | D:13     | Killed a two-headed ogre
 10267 | D:13     | Reached skill level 10 in Shields
 10359 | D:13     | Noticed Snorg
 10371 | D:13     | Killed Snorg
 10823 | D:13     | Killed a vault guard
 10938 | D:13     | Noticed Jorgrun
 10978 | D:13     | Killed Jorgrun
 11121 | D:13     | Noticed a vault guard
 11121 | D:13     | Noticed a vault guard
 11121 | D:13     | Noticed a vault guard
 11150 | D:13     | Killed a vault guard
 11162 | D:13     | Killed a vault guard
 11162 | D:13     | Reached XP level 13. HP: 69/86 MP: 13/13
 11183 | D:13     | Killed a vault guard
 11242 | D:13     | Identified the +7 broad axe "Daplovum" {antimagic, +Inv
                  | Dex+4}
 11242 | D:13     | Noticed a vault guard
 11268 | D:13     | Killed a vault guard
 11440 | D:13     | Found a gate to the Vaults.
 11592 | D:14     | Found a white marble altar of Elyvilon.
 12190 | D:15     | Entered Level 15 of the Dungeon
 12779 | D:15     | Found an iron altar of Okawaru.
 12782 | D:15     | Found Ulaadwo's Assorted Antiques.
 12789 | D:15     | Gained mutation: Your large and strong wings let you fly
                  | indefinitely. [Gargoyle growth]
 12789 | D:15     | Reached XP level 14. HP: 94/94 MP: 4/14
 12799 | D:15     | Bought a scroll of enchant armour for 240 gold pieces
 13031 | D:15     | Found a staircase to the Depths.
 13446 | D:15     | Noticed Rupert
 13469 | D:15     | Killed Rupert
 13821 | Lair:1   | Entered Level 1 of the Lair of Beasts
 13832 | Lair:1   | Reached XP level 15. HP: 79/99 MP: 5/15
 14830 | Lair:2   | Reached skill level 5 in Dodging
 15023 | Lair:2   | Bought a faintly glowing broad axe for 306 gold pieces
 15023 | Lair:2   | Identified the +7 broad axe "Veicsoch" {chop, rElec rPois
                  | rF+++ Int-4} (You bought it in a shop on level 2 of the
                  | Lair of Beasts)
 15413 | Lair:2   | Got a fine scimitar
 15414 | Lair:2   | Identified the cursed +2 scimitar of Sin {flame, rF+ rC+
                  | MR+} (You found it on level 2 of the Lair of Beasts)
 16007 | Lair:2   | Found a staircase to the Swamp.
 16318 | Lair:3   | Found a staircase to the Snake Pit.
 17431 | Lair:4   | Noticed Nessos
 17451 | Lair:4   | Killed Nessos
 17902 | Lair:4   | Reached skill level 15 in Axes
 19060 | Lair:6   | Entered Level 6 of the Lair of Beasts
 19071 | Lair:6   | Found a staircase to the Slime Pits.
 19211 | Lair:6   | Noticed suddenbreakfast's ghost (journeyman GrEE)
 19247 | Lair:6   | Found a runed translucent gate.
 19247 | Lair:6   | Found a runed translucent gate.
 19247 | Lair:6   | Found a runed translucent gate.
 19265 | Lair:6   | Reached skill level 15 in Fighting
 19282 | Lair:6   | Reached skill level 10 in Armour
 19289 | Lair:6   | Killed suddenbreakfast's ghost
 19289 | Lair:6   | Reached XP level 16. HP: 56/108 MP: 16/16
 19574 | Lair:6   | Bought a scroll of identify for 70 gold pieces
 19574 | Lair:6   | Bought a square pearl amulet for 175 gold pieces
 19574 | Lair:6   | Bought a large blue amulet for 175 gold pieces
 19574 | Lair:6   | Bought a potion of heal wounds for 175 gold pieces
 19574 | Lair:6   | Bought a pair of runed boots for 262 gold pieces
 21307 | Temple   | Entered the Ecumenical Temple
 21318 | Temple   | Gained mutation: You can translocate small distances at
                  | will. [potion of mutation]
 21318 | Temple   | Gained mutation: You are frail. (-10% HP) [potion of
                  | mutation]
 21318 | Temple   | Gained mutation: Scrolls take you a little longer to read.
                  | [potion of mutation]
 21318 | Temple   | Gained mutation: You have sharp toenails. [potion of
                  | mutation]
 21319 | Temple   | Lost mutation: You are frail. (-10% HP) [potion of
                  | mutation]
 21319 | Temple   | Lost mutation: You have sharp toenails. [potion of
                  | mutation]
 21319 | Temple   | Gained mutation: You have sharp toenails. [potion of
                  | mutation]
 21320 | Temple   | Lost mutation: Scrolls take you a little longer to read.
                  | [potion of mutation]
 21320 | Temple   | Lost mutation: You have sharp toenails. [potion of
                  | mutation]
 21320 | Temple   | Gained mutation: Scrolls take you a little longer to read.
                  | [potion of mutation]
 21320 | Temple   | Lost mutation: You can translocate small distances at will.
                  | [potion of mutation]
 21320 | Temple   | Gained mutation: You possess an exceptional clarity of
                  | mind. [potion of mutation]
 21320 | Temple   | Gained mutation: You are agile. (Dex +2) [potion of
                  | mutation]
 21321 | Temple   | Lost mutation: You possess an exceptional clarity of mind.
                  | [potion of mutation]
 21321 | Temple   | Lost mutation: You are agile. (Dex +2) [potion of mutation]
 21321 | Temple   | Lost mutation: Scrolls take you a little longer to read.
                  | [potion of mutation]
 21321 | Temple   | Gained mutation: You are partially covered in thin metallic
                  | scales. (AC +2) [potion of mutation]
 21321 | Temple   | Gained mutation: Armour fits poorly on your strangely
                  | shaped body. [potion of mutation]
 21321 | Temple   | Gained mutation: You occasionally shout uncontrollably at
                  | your foes. [potion of mutation]
 21321 | Temple   | Gained mutation: You possess an exceptional clarity of
                  | mind. [potion of mutation]
 21322 | Temple   | Lost mutation: You possess an exceptional clarity of mind.
                  | [potion of mutation]
 21322 | Temple   | Lost mutation: You occasionally shout uncontrollably at
                  | your foes. [potion of mutation]
 21322 | Temple   | Gained mutation: You have a somewhat thin skeletal
                  | structure. (Dex +2, Stealth) [potion of mutation]
 21322 | Temple   | Gained mutation: You are partially covered in rugged brown
                  | scales. (AC +1, +3% HP) [potion of mutation]
 21322 | Temple   | Gained mutation: You evolve. [potion of mutation]
 21393 | Orc:1    | Entered Level 1 of the Orcish Mines
 21412 | Orc:1    | Gained mutation: You are frail. (-10% HP) [a neqoxec]
 21771 | Orc:1    | Found a roughly hewn altar of Beogh.
 21895 | Orc:2    | Entered Level 2 of the Orcish Mines
 21895 | Orc:2    | Found a roughly hewn altar of Beogh.
 22119 | Orc:2    | Found a roughly hewn altar of Beogh.
 22129 | Orc:2    | Found Daejysatz's Antique Weapon Emporium.
 22166 | Orc:2    | Found a staircase to the Elven Halls.
 22214 | Orc:2    | Found a roughly hewn altar of Beogh.
 22331 | Orc:2    | Found Onwug's Antique Armour Boutique.
 22353 | Orc:2    | Found a roughly hewn altar of Beogh.
 22361 | Orc:2    | Found Kankyv's Antique Weapon Shop.
 22444 | Orc:2    | Found a roughly hewn altar of Beogh.
 22445 | Orc:2    | Found Haebaenn's Weapon Shop.
 22765 | Orc:2    | Found a roughly hewn altar of Beogh.
 22809 | Orc:2    | Found a roughly hewn altar of Beogh.
 22924 | Orc:2    | Found a roughly hewn altar of Beogh.
 23232 | Snake:1  | Entered Level 1 of the Snake Pit
 24503 | Snake:2  | Reached XP level 17. HP: 84/107 MP: 17/17
 24763 | Snake:2  | Bought the amulet "Bucapon" {Spirit MR+} for 511 gold
                  | pieces
 24909 | Snake:2  | Noticed Aizul
 24933 | Snake:2  | Killed Aizul
 24933 | Snake:2  | Reached skill level 1 in Spellcasting
 25016 | Snake:2  | Found a runed translucent gate.
 25017 | Snake:2  | Found a runed translucent gate.
 25021 | Snake:2  | Noticed TwistedFlax's ghost (adept CeHu)
 25023 | Snake:2  | Found a runed translucent gate.
 25046 | Snake:2  | Killed TwistedFlax's ghost
 26729 | Snake:4  | Entered Level 4 of the Snake Pit
 26941 | Snake:4  | Lost mutation: You are frail. (-10% HP) [potion of
                  | mutation]
 26941 | Snake:4  | Lost mutation: You evolve. [potion of mutation]
 26941 | Snake:4  | Lost mutation: Armour fits poorly on your strangely shaped
                  | body. [potion of mutation]
 26941 | Snake:4  | Gained mutation: Your muscles are strong. (Str +2) [potion
                  | of mutation]
 26941 | Snake:4  | Gained mutation: Your mind is acute. (Int +2) [potion of
                  | mutation]
 27658 | Snake:4  | Reached XP level 18. HP: 122/127 MP: 21/24
 27956 | Snake:4  | Got a serpentine rune of Zot
 28137 | Snake:2  | Bought the ring of Robustness {AC+8} for 1536 gold pieces
 28137 | Snake:2  | Found the ring of Robustness {AC+8}
 28241 | Swamp:1  | Entered Level 1 of the Swamp
 28469 | Swamp:1  | Noticed Louise
 28487 | Swamp:1  | Cast into level 3 of the Abyss (Louise)
 28564 | Abyss:3  | Noticed a bone dragon
 28584 | Abyss:3  | Killed a bone dragon
 28584 | Abyss:3  | Reached skill level 15 in Shields
 28804 | Abyss:3  | Reached skill level 5 in Spellcasting
 28816 | Swamp:1  | Escaped the Abyss
 28828 | Swamp:1  | Killed Louise
 29858 | Swamp:2  | Identified the cursed +1 mace "Suher" {speed, MP+9 SInv}
                  | (You found it on level 2 of the Swamp)
 30395 | Swamp:3  | Noticed Bai Suzhen
 30418 | Swamp:3  | Killed Bai Suzhen
 30630 | Swamp:3  | Reached XP level 19. HP: 123/134 MP: 26/28
 30643 | Swamp:3  | Got a pair of distressingly furry gloves
 30654 | Swamp:3  | Identified the +0 pair of gloves of the Will of the Gods
                  | {rElec rPois rF+ rN+} (You found it on level 3 of the
                  | Swamp)
 31179 | Swamp:4  | Entered Level 4 of the Swamp
 31458 | Swamp:4  | Noticed a bone dragon
 31514 | Swamp:4  | Killed a bone dragon
 31584 | Swamp:4  | Got a decaying rune of Zot
 31689 | Swamp:4  | Identified the ring "Ahuhao" {+Blink rElec rPois rN+ SInv}
                  | (You found it on level 4 of the Swamp)
 32582 | Vaults:1 | Entered Level 1 of the Vaults
 32593 | Vaults:1 | Found Botiev's Magic Scroll Shop.
 32603 | Vaults:1 | Bought a scroll of summoning for 171 gold pieces
 32603 | Vaults:1 | Bought a scroll of identify for 36 gold pieces
 32603 | Vaults:1 | Bought a scroll of identify for 36 gold pieces
 32603 | Vaults:1 | Bought a scroll of identify for 36 gold pieces
 32603 | Vaults:1 | Bought a scroll of magic mapping for 63 gold pieces
 35086 | Vaults:3 | Reached XP level 20. HP: 123/143 MP: 31/31
 36136 | Vaults:3 | Found a staircase to the Crypt.
 36780 | Vaults:4 | Identified the +3 whip "Beetle's Funeral" {antimagic, MP+9
                  | Str+7} (You found it on level 4 of the Vaults)
 36819 | Vaults:4 | Noticed Saint Roka
 36831 | Vaults:4 | Killed Saint Roka
 37184 | Vaults:4 | Noticed Sojobo
 37222 | Vaults:4 | Killed Sojobo
 37490 | Vaults:4 | Found a sacrificial altar of Ru.
 37632 | Vaults:5 | Entered Level 5 of the Vaults
 37639 | Vaults:5 | Reached XP level 21. HP: 128/151 MP: 29/33
 37921 | Vaults:5 | Lost mutation: Your muscles are strong. (Str +2) [the power
                  | of Zot]
 38625 | Vaults:5 | Identified the Guide on Harmful Translocation
 38712 | Vaults:5 | Reached XP level 22. HP: 143/160 MP: 31/35
 38729 | Vaults:5 | Found the +12 glaive of Prune {chop}
 38742 | Vaults:5 | Got a coiled copper ring
 38744 | Vaults:5 | Got a silver rune of Zot
 38786 | Vaults:5 | Identified the ring of the Saviour {rC+ Str+4} (You found
                  | it on level 5 of the Vaults)
 38809 | Vaults:5 | Identified Sif Muna's Volume of the Blaze and the Voyage
 39034 | Vaults:5 | Noticed a golden dragon
 39062 | Vaults:5 | Killed a golden dragon
 39338 | Vaults:5 | Identified the +4 chain mail "Komen" {Int+2 Dex+4} (You
                  | found it on level 5 of the Vaults)
 39842 | Elf:1    | Entered Level 1 of the Elven Halls
 39846 | Orc:2    | Upgraded the game from 0.24-a0-537-g2d01d4a to
                  | 0.24-a0-549-g45f0056
 40557 | Elf:1    | Found Tiulat's Magic Scroll Boutique.
 40575 | Elf:1    | Bought a scroll of enchant armour for 135 gold pieces
 40575 | Elf:1    | Bought a scroll of identify for 36 gold pieces
 40575 | Elf:1    | Bought a scroll of blinking for 135 gold pieces
 41062 | Elf:1    | Identified the Volume of Attacks and Summoning
 41257 | Elf:2    | Found a magical portal.
 41266 | WizLab   | Entered The Chambers of the Cloud Mage
 41384 | WizLab   | Reached skill level 10 in Spellcasting
 41990 | WizLab   | Got a heavily runed steel ring
 41993 | WizLab   | Identified Sif Muna's Guide on Air
 41996 | WizLab   | Got a scintillating glass ring
 42003 | WizLab   | Identified the ring of Suodda {+Fly MP-9 Dex+6 SInv} (You
                  | found it in a wizard's laboratory)
 42004 | WizLab   | Identified the ring "Guluxkonwe" {rF+ rC- EV+5 Slay+2
                  | Stlth+} (You found it in a wizard's laboratory)
 42379 | Elf:2    | Found Ruiser's Antique Weapon Shoppe.
 42594 | Elf:2    | Found a runed translucent gate.
 42594 | Elf:2    | Found a runed translucent gate.
 42599 | Elf:2    | Found a runed translucent gate.
 42834 | Elf:2    | Reached XP level 23. HP: 165/168 MP: 37/37
 43051 | Elf:3    | Entered Level 3 of the Elven Halls
 43272 | Elf:3    | Found a runed translucent gate.
 43272 | Elf:3    | Found a runed translucent gate.
 43272 | Elf:3    | Found a runed translucent gate.
 43338 | Elf:3    | Found a runed translucent gate.
 43338 | Elf:3    | Found a runed translucent gate.
 43351 | Elf:3    | Found a runed translucent gate.
 43359 | Elf:3    | Noticed Wyvernaa's ghost (veteran GrFi)
 43407 | Elf:3    | Killed Wyvernaa's ghost
 43422 | Elf:3    | Gained mutation: You tend to lose your temper in combat. [a
                  | cacodemon]
 43522 | Elf:3    | Lost mutation: You have a somewhat thin skeletal structure.
                  | (Dex +2, Stealth) [potion of mutation]
 43522 | Elf:3    | Lost mutation: Your mind is acute. (Int +2) [potion of
                  | mutation]
 43522 | Elf:3    | Lost mutation: You are partially covered in rugged brown
                  | scales. (AC +1, +3% HP) [potion of mutation]
 43522 | Elf:3    | Lost mutation: You tend to lose your temper in combat.
                  | [potion of mutation]
 43522 | Elf:3    | Gained mutation: Your muscles are strong. (Str +2) [potion
                  | of mutation]
 43522 | Elf:3    | Gained mutation: Your mind is acute. (Int +2) [potion of
                  | mutation]
 43522 | Elf:3    | Gained mutation: You are partially covered in slimy green
                  | scales. (AC +2) [potion of mutation]
 43522 | Elf:3    | Gained mutation: You are robust. (+10% HP) [potion of
                  | mutation]
 43571 | Elf:3    | Found Gifusap's Antique Armour Shop.
 43582 | Elf:3    | Bought a shiny helmet for 277 gold pieces
 44337 | Elf:3    | Cast into level 2 of the Abyss (a deep elf demonologist)
 44410 | Abyss:2  | Lost mutation: Your muscles are strong. (Str +2) [a
                  | neqoxec]
 44833 | Abyss:2  | Gained mutation: Your body sometimes deteriorates upon
                  | taking damage. [a neqoxec]
 44851 | Elf:3    | Escaped the Abyss
 44853 | Elf:3    | Identified the ring "Suummib" {-Tele Str+3 Int+6 Dex+4}
 45057 | Elf:3    | Found the +0 mask of the Dragon {MR+ Slay+3 SInv}
 45073 | Elf:3    | Identified the +9 plate armour of Entitlement {Str+3} (You
                  | found it on level 3 of the Elven Halls)
 45106 | Elf:3    | Identified the cursed -2 pair of gloves of Tixily {Dex+7}
                  | (You found it on level 3 of the Elven Halls)
 45146 | Elf:3    | Got a slimy bone ring
 45147 | Elf:3    | Identified the ring of the Firefly {Wiz Int+5} (You found
                  | it on level 3 of the Elven Halls)
 45151 | Elf:3    | Identified the Tome of Igneous Snow
 45170 | Elf:3    | Identified the +11 chain mail "Ulycoane" {Int+4} (You found
                  | it on level 3 of the Elven Halls)
 45310 | Elf:2    | Bought the +8 orange crystal plate armour {Archmagi, Int+3
                  | Clar} for 1878 gold pieces
 45310 | Elf:2    | Found the +8 orange crystal plate armour {Archmagi, Int+3
                  | Clar}
 45362 | Elf:2    | Lost mutation: Your mind is acute. (Int +2) [potion of
                  | mutation]
 45362 | Elf:2    | Lost mutation: Your body sometimes deteriorates upon taking
                  | damage. [potion of mutation]
 45362 | Elf:2    | Lost mutation: You are robust. (+10% HP) [potion of
                  | mutation]
 45362 | Elf:2    | Lost mutation: You are partially covered in thin metallic
                  | scales. (AC +2) [potion of mutation]
 45362 | Elf:2    | Gained mutation: You are robust. (+10% HP) [potion of
                  | mutation]
 45362 | Elf:2    | Gained mutation: You are clumsy. (Dex -2) [potion of
                  | mutation]
 45362 | Elf:2    | Gained mutation: You are resistant to hostile enchantments.
                  | (MR+) [potion of mutation]
 45363 | Elf:2    | Lost mutation: You are clumsy. (Dex -2) [potion of
                  | mutation]
 45363 | Elf:2    | Lost mutation: You are resistant to hostile enchantments.
                  | (MR+) [potion of mutation]
 45363 | Elf:2    | Lost mutation: You are robust. (+10% HP) [potion of
                  | mutation]
 45363 | Elf:2    | Gained mutation: Your spells are a little easier to cast,
                  | but a little less powerful. [potion of mutation]
 45363 | Elf:2    | Gained mutation: You have sharp toenails. [potion of
                  | mutation]
 45364 | Elf:2    | Lost mutation: You have sharp toenails. [potion of
                  | mutation]
 45364 | Elf:2    | Lost mutation: Your spells are a little easier to cast, but
                  | a little less powerful. [potion of mutation]
 45364 | Elf:2    | Lost mutation: You are partially covered in slimy green
                  | scales. (AC +2) [potion of mutation]
 45364 | Elf:2    | Gained mutation: Your flesh is heat resistant. (rF+)
                  | [potion of mutation]
 45364 | Elf:2    | Gained mutation: Your spells are a little harder to cast,
                  | but a little more powerful. [potion of mutation]
 45366 | Elf:2    | Lost mutation: Your spells are a little harder to cast, but
                  | a little more powerful. [potion of mutation]
 45366 | Elf:2    | Lost mutation: Your flesh is heat resistant. (rF+) [potion
                  | of mutation]
 45366 | Elf:2    | Gained mutation: You are agile. (Dex +2) [potion of
                  | mutation]
 45366 | Elf:2    | Gained mutation: You are very agile. (Dex +4) [potion of
                  | mutation]
 45366 | Elf:2    | Gained mutation: Armour fits poorly on your strangely
                  | shaped body. [potion of mutation]
 45366 | Elf:2    | Gained mutation: You are somewhat resistant to further
                  | mutation. [potion of mutation]
 45367 | Elf:2    | Lost mutation: You are very agile. (Dex +4) [potion of
                  | mutation]
 45367 | Elf:2    | Lost mutation: Armour fits poorly on your strangely shaped
                  | body. [potion of mutation]
 45367 | Elf:2    | Gained mutation: You can translocate small distances at
                  | will. [potion of mutation]
 45367 | Elf:2    | Gained mutation: Your movements are slightly less
                  | encumbered by armour. (ER -2) [potion of mutation]
 45367 | Elf:2    | Gained mutation: You are robust. (+10% HP) [potion of
                  | mutation]
 46683 | Crypt:1  | Entered Level 1 of the Crypt
 46712 | Crypt:1  | You are sucked into a shaft and drop 1 floor!
 46856 | Crypt:2  | Reached XP level 24. HP: 189/189 MP: 38/38
 48267 | Crypt:3  | Entered Level 3 of the Crypt
 48405 | Crypt:3  | Found a basalt altar of Yredelemnul.
 48922 | Crypt:3  | Identified Ydahudgh's Guide on Evil
 49240 | Crypt:3  | Found a staircase to the Tomb.
 49375 | Crypt:3  | Noticed a greater mummy
 49377 | Crypt:3  | Noticed a greater mummy
 49377 | Crypt:3  | Noticed Khufu
 49378 | Crypt:3  | Noticed a greater mummy
 49395 | Crypt:3  | Killed a greater mummy
 49414 | Crypt:3  | Killed Khufu
 49432 | Crypt:3  | Killed a greater mummy
 49465 | Crypt:3  | Killed a greater mummy
 49465 | Crypt:3  | Reached XP level 25. HP: 41/198 MP: 24/38
 50456 | Crypt:3  | Got a pitted wooden ring
 51257 | Depths:1 | Entered Level 1 of the Depths
 51283 | Depths:1 | Found a gateway to Hell.
 51303 | Depths:1 | Found Nesapn's Gadget Emporium.
 51303 | Depths:1 | Found Pisoxo's Jewellery Boutique.
 51304 | Depths:1 | Found Pify's Jewellery Boutique.
 51459 | Depths:1 | Found a flickering gateway to a bazaar.
 51468 | Bazaar   | Entered a bazaar
 51488 | Bazaar   | Found Diose's Jewellery Shop.
 51508 | Bazaar   | Found Cessef Baoxu's Antique Armour Shop.
 51702 | Depths:1 | You are sucked into a shaft and drop 1 floor!
 53051 | Depths:2 | Reached XP level 26. HP: 206/206 MP: 38/38
 53687 | Depths:1 | Found a gateway to a ziggurat.
 53863 | Zig:1    | Entered Level 1 of a ziggurat
 53900 | Zig:2    | Entered Level 2 of a ziggurat
 53942 | Zig:3    | Entered Level 3 of a ziggurat
 53993 | Zig:4    | Entered Level 4 of a ziggurat
 53997 | Zig:4    | Found the +12 Vampire's Tooth {vamp}
 54030 | Zig:4    | Identified a scroll of acquirement
 54064 | Zig:4    | Got a bloodstained flail
 54078 | Zig:5    | Entered Level 5 of a ziggurat
 54184 | Zig:6    | Entered Level 6 of a ziggurat
 54237 | Zig:6    | Reached skill level 15 in Armour
 54237 | Zig:6    | Reached XP level 27. HP: 214/214 MP: 38/38
 54266 | Zig:6    | Identified the ring "Hisiekaod" {*Slow rF+ Dex+7 Stlth+}
                  | (You found it on level 3 of the Crypt)
 54277 | Zig:7    | Entered Level 7 of a ziggurat
 54351 | Zig:8    | Entered Level 8 of a ziggurat
 54409 | Zig:8    | Got a warped ivory ring
 54430 | Zig:9    | Entered Level 9 of a ziggurat
 54674 | Zig:9    | Identified a +0 pair of boots of running (You found it on
                  | level 9 of a ziggurat)
 54680 | Zig:9    | Got a crude golden ring
 54682 | Zig:9    | Identified the ring "Zuxiahinung" {MR++ Dex+8 SInv} (You
                  | found it on level 8 of a ziggurat)
 54684 | Zig:9    | Identified the ring "Iwucyezu" {Ice +Inv Str+3 Slay+5} (You
                  | found it on level 9 of a ziggurat)
 54702 | Zig:10   | Entered Level 10 of a ziggurat
 54715 | Zig:10   | Reached skill level 1 in Evocations
 54819 | Zig:10   | Identified the +1 flail of Equivalence {freeze, Int-2 Dex+7
                  | Stlth+} (You found it on level 4 of a ziggurat)
 54833 | Zig:11   | Entered Level 11 of a ziggurat
 54925 | Zig:11   | Noticed a greater mummy
 54926 | Zig:11   | Noticed a greater mummy
 54961 | Zig:11   | Killed a greater mummy
 54966 | Zig:11   | Killed a greater mummy
 55296 | Zig:11   | Got bloodstained pearl dragon scales
 55303 | Zig:11   | Identified the +8 pearl dragon scales of a Million Stories
                  | {rElec rN+ rCorr Slay-2 Stlth+} (You found it on level 11
                  | of a ziggurat)
 55308 | Zig:12   | Entered Level 12 of a ziggurat
 55316 | Zig:12   | Noticed Ypidacyo the pandemonium lord
 55370 | Zig:12   | Killed Ypidacyo the pandemonium lord
 55405 | Zig:12   | Got a shimmering lead amulet
 55519 | Zig:13   | Entered Level 13 of a ziggurat
 55528 | Zig:13   | Identified the cursed +0 large shield of Listlessness
                  | {rPois}
 55531 | Zig:13   | Paralysed by a floating eye for 2 turns
 55540 | Zig:13   | Reached skill level 10 in Dodging
 55743 | Zig:13   | Got a bone battleaxe
 55760 | Zig:13   | Identified the Handbook of the Traveller and Flight
 55795 | Zig:14   | Entered Level 14 of a ziggurat
 55809 | Zig:14   | Found the -2 hat of the Alchemist {rElec rPois rF+ rC+ rN+
                  | MR+ rMut rCorr}
 56170 | Zig:14   | Identified the Papyrus of Boosts and the Mountains
 56198 | Zig:15   | Entered Level 15 of a ziggurat
 56204 | Zig:15   | Noticed a greater mummy
 56206 | Zig:15   | Noticed a greater mummy
 56209 | Zig:15   | Noticed a greater mummy
 56220 | Zig:15   | Found the +2 cloak of the Thief {+Fog Slay-2 SInv Stlth+}
 56978 | Depths:3 | Found a one-way gate leading to the halls of Pandemonium.
 57219 | Depths:3 | Identified the amulet of the Lily {Reflect rC+ SH+6 SInv}
 57694 | Depths:3 | Reached skill level 27 in Fighting
 57891 | Depths:3 | Got a smoking copper amulet
 58178 | Depths:3 | Identified Hurefaz's Incunabulum of Harmful Flames
 58886 | Depths:4 | Found a large runed translucent door.
 58891 | Depths:4 | Found a large runed translucent door.
 58891 | Depths:4 | Found a large runed translucent door.
 58892 | Depths:4 | Found a large runed translucent door.
 58895 | Depths:4 | Found a large runed translucent door.
 58895 | Depths:4 | Found a large runed translucent door.
 59053 | Depths:4 | Reached skill level 27 in Shields
 59449 | Depths:4 | Noticed a juggernaut
 59486 | Depths:4 | Found a large runed translucent door.
 59486 | Depths:4 | Found a large runed translucent door.
 59487 | Depths:4 | Found a one-way gate to the infinite horrors of the Abyss.
 59495 | Depths:4 | Killed a juggernaut
 59867 | Depths:5 | Entered Level 5 of the Depths
 59947 | Depths:5 | Found a glowing silver altar of Zin.
 60016 | Depths:5 | Bought the amulet "Sulafe" {Spirit rPois MR+ Dex+2 Stlth+}
                  | for 1237 gold pieces
 60290 | Depths:5 | Found a sacrificial altar of Ru.
 60297 | Depths:5 | Identified the amulet of Datt {Spirit rF+ MR+} (You found
                  | it on level 3 of the Depths)
 60420 | Depths:5 | Found an ornate altar of the Wu Jian Council.
 60494 | Depths:5 | Identified the amulet of the Lich-sworn {Regen+ Slay+3}
                  | (You found it on level 12 of a ziggurat)
 60723 | Depths:5 | Found a shadowy altar of Dithmenos.
 60922 | Depths:5 | Identified the +12 battleaxe "Haikinub" {protect, +Fly}
                  | (You found it on level 13 of a ziggurat)
 61018 | Depths:5 | Noticed Jory
 61054 | Depths:5 | Killed Jory
 61409 | Depths:5 | Found a gate to the Realm of Zot.
 62445 | Hell     | Entered the Vestibule of Hell
 62445 | Hell     | Noticed Geryon
 62509 | Hell     | Killed Geryon
 62621 | Hell     | Found a gateway to the freezing wastes of Cocytus.
 62700 | Hell     | Found a gateway to the ashen valley of Gehenna.
 62730 | Hell     | Noticed an ancient lich
 62760 | Hell     | Killed an ancient lich
 62911 | Hell     | Found a gateway to the decaying netherworld of Tartarus.
 63001 | Hell     | Found a gateway to the Iron City of Dis.
 63017 | Dis:1    | Entered Level 1 of the Iron City of Dis
 65774 | Dis:7    | Entered Level 7 of the Iron City of Dis
 67697 | Dis:7    | Got a flickering lead ring
 67698 | Dis:7    | Identified the ring of Satyriasis {rPois rF- AC+3 Dex+4}
                  | (You found it on level 7 of the Iron City of Dis)
 67939 | Dis:7    | Found the +9 staff of Wucad Mu {channel}
 67968 | Dis:7    | Got a translucent turquoise ring
 67969 | Dis:7    | Identified the ring of Bauhurch {Ice *Corrode Str+7 Int-3
                  | Dex+8} (You found it on level 7 of the Iron City of Dis)
 68206 | Dis:7    | Identified Qequsaz's Handbook of Twisted Dark Rites
 68208 | Dis:7    | Identified Hufuen's Tome of Good Luck and the Entourage
 68609 | Dis:7    | Identified the +4 staff of Dispater
 68609 | Dis:7    | Noticed Dispater
 68669 | Dis:7    | Killed Dispater
 68906 | Dis:7    | Got an iron rune of Zot
 69965 | D:15     | Bought a potion of curing for 96 gold pieces
 70104 | Depths:4 | Voluntarily entered the Abyss.
 70104 | Abyss:1  | Found a runed translucent door.
 70260 | Abyss:2  | Found a corrupted altar of Lugonu.
 71400 | Abyss:3  | Reached skill level 27 in Armour
 71509 | Abyss:3  | Paralysed by accursed screaming for 1 turns
 71780 | Abyss:4  | Found a corrupted altar of Lugonu.
 71895 | Abyss:4  | Noticed an ancient lich
 71898 | Abyss:4  | Found a corrupted altar of Lugonu.
 72061 | Abyss:4  | Reached skill level 1 in Throwing
 72062 | Abyss:4  | Found a glowing golden altar of the Shining One.
 72083 | Abyss:4  | Noticed a juggernaut
 72098 | Abyss:4  | Killed a juggernaut
 72098 | Abyss:4  | Reached skill level 1 in Polearms
 72123 | Abyss:4  | Got an abyssal rune of Zot
 72220 | Abyss:4  | Found a glowing golden altar of the Shining One.
 72290 | Abyss:4  | Reached skill level 1 in Unarmed Combat
 72328 | Abyss:4  | Reached skill level 1 in Staves
 72416 | Abyss:4  | Reached skill level 15 in Dodging
 72695 | Depths:4 | Escaped the Abyss
 72801 | Depths:4 | Learned a level 1 spell: Summon Butterflies
 72871 | Depths:4 | Lost mutation: You are robust. (+10% HP) [mutagenic glow]
 73036 | Depths:4 | Voluntarily entered the Abyss.
 73036 | Abyss:1  | Found a large runed translucent door.
 73036 | Abyss:1  | Found a large runed translucent door.
 73049 | Abyss:1  | Reached skill level 1 in Summonings
 73080 | Abyss:1  | Paralysed by accursed screaming for 2 turns
 73123 | Abyss:1  | Reached skill level 5 in Summonings
 73186 | Depths:4 | Escaped the Abyss
 73694 | Slime:1  | Entered Level 1 of the Pits of Slime
 73780 | Slime:5  | Entered Level 5 of the Pits of Slime
 74077 | Slime:5  | Noticed the Royal Jelly
 74409 | Slime:2  | Gained mutation: You do not regenerate when monsters are
                  | visible. [a shining eye]
 74425 | Slime:2  | Lost mutation: You are somewhat resistant to further
                  | mutation. [potion of mutation]
 74425 | Slime:2  | Lost mutation: You are agile. (Dex +2) [potion of mutation]
 74425 | Slime:2  | Lost mutation: You do not regenerate when monsters are
                  | visible. [potion of mutation]
 74425 | Slime:2  | Lost mutation: You can translocate small distances at will.
                  | [potion of mutation]
 74425 | Slime:2  | Gained mutation: You are partially covered in large bone
                  | plates. (SH +4) [potion of mutation]
 74736 | Slime:5  | Found a viscous altar of Jiyva.
 74790 | Slime:5  | Killed the Royal Jelly
 74854 | Slime:5  | Identified the Tome of Magnificence
 74922 | Slime:5  | Got a slimy rune of Zot
 74923 | Slime:5  | Identified the Handbook of Captivating Boosts
 74980 | Slime:5  | Identified the +2 hand axe "Furuhoz" {flame, rElec rPois
                  | rC- Int+2} (You found it on level 5 of the Pits of Slime)
 75602 | Coc:1    | Entered Level 1 of Cocytus
 75891 | Geh:1    | Entered Level 1 of Gehenna
 76066 | Hell     | Bought a shimmering shield for 418 gold pieces
 76077 | Hell     | Identified the +5 shield "Gicis" {rPois} (You bought it in
                  | a shop in the Vestibule of Hell)
 77139 | Geh:3    | Found a huge runed gate.
 77139 | Geh:3    | Found a huge runed gate.
 77139 | Geh:3    | Found a huge runed gate.
 77139 | Geh:3    | Found a huge runed gate.
 77139 | Geh:3    | Found a huge runed gate.
 77139 | Geh:3    | Found a huge runed gate.
 77140 | Geh:3    | Found a huge runed gate.
 77141 | Geh:3    | Found a huge runed gate.
 77142 | Geh:3    | Found a huge runed gate.
 77143 | Geh:3    | Found a huge runed gate.
 77449 | Geh:4    | Learned a level 6 spell: Darkness
 77544 | Geh:4    | Learned a level 8 spell: Controlled Blink
 77649 | Geh:5    | Reached skill level 1 in Translocations
 77984 | Geh:6    | Reached skill level 5 in Translocations
 78118 | Geh:7    | Entered Level 7 of Gehenna
 78837 | Geh:7    | Identified the +8 hand axe of Traps {elec, rF+ MR++ Dex-4}
 79263 | Geh:7    | Reached skill level 10 in Translocations
 79576 | Geh:7    | Identified the +5 morningstar of Meebae Vesche {freeze,
                  | Int+6 Dex+4 Stlth-}
 79751 | Geh:7    | Identified the +7 sceptre of Asmodeus
 79751 | Geh:7    | Noticed Asmodeus
 79774 | Geh:7    | Killed Asmodeus
 79803 | Geh:7    | Got an obsidian rune of Zot
 79809 | Geh:7    | Identified the +0 scimitar "Pendulum" {freeze, SInv} (You
                  | found it on level 7 of Gehenna)
 79975 | Tar:1    | Entered Level 1 of Tartarus
 81358 | Tar:7    | Entered Level 7 of Tartarus
 81441 | Tar:7    | Reached skill level 15 in Translocations
 81523 | Tar:7    | Identified Ruus's Hermeneutics, Part One
 81735 | Tar:7    | Noticed the Serpent of Hell
 81788 | Tar:7    | Killed the Serpent of Hell
 81858 | Tar:7    | Noticed Ereshkigal
 83362 | Tar:7    | Identified the +3 chain mail of Weightlessness {rC+}
 83902 | Pan      | Entered Pandemonium
 84225 | Pan      | Got a transparent pewter amulet
 84226 | Pan      | Identified the amulet of Joiguntilu {Acrobat +Blink rN+}
                  | (You found it in Pandemonium)
 84489 | Pan      | Noticed Qiasonak the pandemonium lord
 84594 | Pan      | Killed Qiasonak the pandemonium lord
 84837 | Pan      | Got a demonic rune of Zot
 85284 | Pan      | Learned a level 1 spell: Apportation
 85477 | Pan      | Gained mutation: Your magical capacity is low. (-10% MP) [a
                  | neqoxec]
 85676 | Pan      | Gained mutation: Your spells are a little easier to cast,
                  | but a little less powerful. [a neqoxec]
 86584 | Pan      | Identified the ring of the Commoners {MR+ MP+9 Int+4}
 86584 | Pan      | Noticed a seraph
 86586 | Pan      | Identified the cursed +0 large shield "Guwk" {-Cast Str+7}
 86586 | Pan      | Identified the +5 large shield of Weirdness {+Inv rElec}
 86601 | Pan      | Killed a seraph
 86781 | Pan      | Found a glowing golden altar of the Shining One.
 86818 | Pan      | Identified the cursed +1 swamp dragon scales of Limitation
                  | {rPois Int+4 SInv} (You found it in Pandemonium)
 86828 | Pan      | Got a twisted broad axe
 86833 | Pan      | Identified the +4 broad axe of the Forsaken Ghosts {chop,
                  | Int+3} (You found it in Pandemonium)
 87103 | Pan      | Found a white marble altar of Elyvilon.
 88267 | Pan      | Learned a level 7 spell: Malign Gateway
 88616 | Pan      | Found a glowing silver altar of Zin.
 88736 | Pan      | Identified the +2 large shield of Disguise {Dex+3}
 89007 | Pan      | Learned a level 4 spell: Summon Lightning Spire
 89162 | Pan      | Found a runed translucent door.
 89261 | Pan      | Reached skill level 10 in Summonings
 89301 | Pan      | Noticed Relydgh the pandemonium lord
 89314 | Pan      | Killed Relydgh the pandemonium lord
 89547 | Pan      | Noticed Plog the pandemonium lord
 89568 | Pan      | Killed Plog the pandemonium lord
 90014 | Pan      | Noticed Mennas
 90251 | Pan      | Noticed Pamecr Riuma the pandemonium lord
 90278 | Pan      | Killed Pamecr Riuma the pandemonium lord
 90311 | Pan      | Killed Mennas
 90960 | Pan      | Found a runed translucent door.
 91127 | Pan      | Lost mutation: Your magical capacity is low. (-10% MP)
                  | [potion of mutation]
 92080 | Pan      | Reached skill level 15 in Summonings
 93058 | Pan      | Entered the realm of Mnoleg.
 93060 | Pan      | Gained mutation: You are dopey. (Int -2) [a neqoxec]
 93240 | Pan      | Paralysed by a floating eye for 4 turns
 93483 | Pan      | Gained mutation: You are very dopey. (Int -4) [a shining
                  | eye]
 93537 | Pan      | Lost mutation: Your spells are a little easier to cast, but
                  | a little less powerful. [potion of mutation]
 93537 | Pan      | Lost mutation: You are very dopey. (Int -4) [potion of
                  | mutation]
 93537 | Pan      | Lost mutation: You are dopey. (Int -2) [potion of mutation]
 93537 | Pan      | Gained mutation: You are partially covered in thin metallic
                  | scales. (AC +2) [potion of mutation]
 93537 | Pan      | Gained mutation: You tend to lose your temper in combat.
                  | [potion of mutation]
 93537 | Pan      | Gained mutation: You have a pair of small horns on your
                  | head. [potion of mutation]
 93538 | Pan      | Lost mutation: You tend to lose your temper in combat.
                  | [potion of mutation]
 93538 | Pan      | Lost mutation: You have a pair of small horns on your head.
                  | [potion of mutation]
 93538 | Pan      | Lost mutation: You are partially covered in thin metallic
                  | scales. (AC +2) [potion of mutation]
 93538 | Pan      | Gained mutation: Your mind is acute. (Int +2) [potion of
                  | mutation]
 93651 | Pan      | Noticed Mnoleg
 93692 | Pan      | Killed Mnoleg
 93974 | Pan      | Got a glowing rune of Zot
 94162 | Pan      | Gained mutation: Scrolls take you a little longer to read.
                  | [a cacodemon]
 94385 | Pan      | Gained mutation: You are clumsy. (Dex -2) [a cacodemon]
 94394 | Pan      | Gained mutation: Armour fits poorly on your strangely
                  | shaped body. [a cacodemon]
 94547 | Pan      | Lost mutation: Armour fits poorly on your strangely shaped
                  | body. [potion of mutation]
 94547 | Pan      | Lost mutation: Scrolls take you a little longer to read.
                  | [potion of mutation]
 94547 | Pan      | Lost mutation: Your mind is acute. (Int +2) [potion of
                  | mutation]
 94547 | Pan      | Gained mutation: You are somewhat resistant to further
                  | mutation. [potion of mutation]
 94547 | Pan      | Gained mutation: You have a somewhat thin skeletal
                  | structure. (Dex +2, Stealth) [potion of mutation]
 94901 | Pan      | Entered the realm of Cerebov.
 95333 | Pan      | Identified the +5 battleaxe of Kismet {chop, rN+}
 95821 | Pan      | Identified the +6 sword of Cerebov {flame}
 95821 | Pan      | Identified the ring of Puxkic {+Inv Dex+5}
 95821 | Pan      | Noticed Cerebov
 95864 | Pan      | Killed Cerebov
 95882 | Pan      | Identified the Papyrus of Augmentations and Flight
 95938 | Pan      | Identified the cursed +1 spear of the Unkillable {freeze,
                  | rC- rN++ Str+4} (You found it in Pandemonium)
 95961 | Pan      | Got a fiery rune of Zot
 95987 | Pan      | Learned a level 5 spell: Aura of Abjuration
 95997 | Pan      | Learned a level 9 spell: Shatter
 96059 | Pan      | Reached skill level 1 in Earth Magic
 96117 | Pan      | Entered the realm of Gloorx Vloq.
 96314 | Pan      | Noticed Gloorx Vloq
 96324 | Pan      | Reached skill level 5 in Earth Magic
 96340 | Pan      | Killed Gloorx Vloq
 96552 | Pan      | Got a dark rune of Zot
 96699 | Pan      | Reached skill level 10 in Earth Magic
 97411 | Pan      | Entered the realm of Lom Lobon.
 97411 | Pan      | Noticed Lom Lobon
 97489 | Pan      | Found an exit through the horrors of the Abyss.
 97932 | Pan      | Upgraded the game from 0.24-a0-549-g45f0056 to
                  | 0.24-a0-574-g7d3d5a4
 99476 | Pan      | Killed Lom Lobon
 99476 | Pan      | Reached skill level 15 in Earth Magic
 99511 | Pan      | Got a magical rune of Zot
 99550 | Pan      | Lost mutation: You are somewhat resistant to further
                  | mutation. [potion of mutation]
 99550 | Pan      | Lost mutation: You are clumsy. (Dex -2) [potion of
                  | mutation]
 99550 | Pan      | Lost mutation: Your movements are slightly less encumbered
                  | by armour. (ER -2) [potion of mutation]
 99550 | Pan      | Gained mutation: You have large cloven feet. [potion of
                  | mutation]
 99551 | Pan      | Lost mutation: You are partially covered in large bone
                  | plates. (SH +4) [potion of mutation]
 99551 | Pan      | Lost mutation: You have large cloven feet. [potion of
                  | mutation]
 99551 | Pan      | Gained mutation: You are agile. (Dex +2) [potion of
                  | mutation]
 99552 | Pan      | Lost mutation: You are agile. (Dex +2) [potion of mutation]
 99552 | Pan      | Gained mutation: Your muscles are strong. (Str +2) [potion
                  | of mutation]
 99794 | Pan      | Took an exit into the Abyss.
 99794 | Abyss:1  | Escaped into the Abyss
100315 | Depths:3 | Escaped the Abyss
101603 | Snake:2  | Bought the ring of Phasing {EV+8} for 1536 gold pieces
101603 | Snake:2  | Found the ring of Phasing {EV+8}
102705 | Tar:7    | Noticed an ancient lich
102715 | Tar:7    | Killed an ancient lich
102952 | Tar:7    | Killed Ereshkigal
103137 | Tar:7    | Got a bone rune of Zot
104164 | Zot:1    | Entered Level 1 of the Realm of Zot
105463 | Zot:2    | Identified the +5 long sword of Eternal Night {venom,
                  | +Blink MP+9}
105592 | Zot:2    | Noticed an ancient lich
105605 | Zot:2    | Killed an ancient lich
106446 | Zot:2    | You are sucked into a shaft and drop 1 floor!
106446 | Zot:3    | Found a transporter.
106810 | Zot:3    | Noticed an orb of fire
106841 | Zot:3    | Killed an orb of fire
107107 | Zot:3    | Reached skill level 27 in Earth Magic
107150 | Zot:3    | Found a transporter.
107795 | Zot:3    | Noticed an orb of fire
107799 | Zot:3    | Noticed an orb of fire
107827 | Zot:3    | Killed an orb of fire
107840 | Zot:3    | Killed an orb of fire
107982 | Zot:3    | Got a transparent iron amulet
107983 | Zot:3    | Identified the amulet "Gusin" {Gourm rElec MP-9 Int+3} (You
                  | found it on level 3 of the Realm of Zot)
107993 | Zot:3    | Identified the ring "Ebbodaqu" {Wiz rN+ MP+9 Dex+4 SInv}
                  | (You found it on level 3 of the Realm of Zot)
108016 | Zot:3    | Identified the amulet "Hioj" {Harm *Drain rF+ rC++ Dex-2}
                  | (You found it on level 3 of the Realm of Zot)
110367 | Coc:7    | Entered Level 7 of Cocytus
111512 | Coc:7    | Noticed Antaeus
111572 | Coc:7    | Killed Antaeus
112050 | Coc:7    | Got an icy rune of Zot
112094 | Coc:7    | Got a slimy lead amulet
112095 | Coc:7    | Identified the amulet "Venino" {Spirit Dex+8} (You found it
                  | on level 7 of Cocytus)
112756 | Tomb:1   | Entered Level 1 of the Tomb of the Ancients
113030 | Tomb:1   | Paralysed by a sphinx for 4 turns
113785 | Tomb:1   | Noticed a greater mummy
113789 | Tomb:1   | Noticed a greater mummy
113802 | Tomb:1   | Killed a greater mummy
113809 | Tomb:1   | Killed a greater mummy
113816 | Tomb:1   | Reached skill level 15 in Spellcasting
114015 | Tomb:1   | Noticed a greater mummy
114034 | Tomb:1   | Killed a greater mummy
114202 | Tomb:1   | Noticed a greater mummy
114204 | Tomb:1   | Noticed a greater mummy
114214 | Tomb:1   | Killed a greater mummy
114221 | Tomb:1   | Killed a greater mummy
114694 | Tomb:1   | Noticed a greater mummy
114709 | Tomb:1   | Killed a greater mummy
115209 | Tomb:1   | Noticed a greater mummy
115215 | Tomb:1   | Noticed a greater mummy
115222 | Tomb:1   | Killed a greater mummy
115230 | Tomb:1   | Noticed a greater mummy
115239 | Tomb:1   | Killed a greater mummy
115247 | Tomb:1   | Killed a greater mummy
115544 | Tomb:1   | Noticed a greater mummy
115552 | Tomb:1   | Noticed a greater mummy
115556 | Tomb:1   | Killed a greater mummy
115572 | Tomb:1   | Killed a greater mummy
115768 | Tomb:2   | Noticed a greater mummy
115768 | Tomb:2   | Noticed a greater mummy
115772 | Tomb:2   | Killed a greater mummy
116861 | Tomb:2   | Killed a greater mummy
116864 | Tomb:2   | Noticed a greater mummy
116868 | Tomb:2   | Killed a greater mummy
116869 | Tomb:2   | Noticed an ancient lich
117100 | Tomb:2   | Noticed Frederick
117104 | Tomb:2   | Killed Frederick
117437 | Tomb:2   | Killed an ancient lich
118167 | Tomb:3   | Entered Level 3 of the Tomb of the Ancients
118182 | Tomb:3   | Noticed a greater mummy
118188 | Tomb:3   | Noticed a greater mummy
118188 | Tomb:3   | Noticed a greater mummy
118188 | Tomb:3   | Noticed a greater mummy
118188 | Tomb:3   | Noticed a greater mummy
118188 | Tomb:3   | Noticed a greater mummy
118188 | Tomb:3   | Noticed a greater mummy
118188 | Tomb:3   | Noticed a greater mummy
118192 | Tomb:3   | Killed a greater mummy
118192 | Tomb:3   | Killed a greater mummy
118192 | Tomb:3   | Killed a greater mummy
118193 | Tomb:3   | Killed a greater mummy
118193 | Tomb:3   | Killed a greater mummy
118193 | Tomb:3   | Killed a greater mummy
118193 | Tomb:3   | Killed a greater mummy
118193 | Tomb:3   | Killed a greater mummy
118346 | Tomb:3   | Noticed Boris
118355 | Tomb:3   | Killed Boris
118359 | Tomb:3   | Noticed a greater mummy
118373 | Tomb:3   | Killed a greater mummy
118392 | Tomb:3   | Found the +5 scythe "Finisher" {speed, eviscerate}
118413 | Tomb:3   | Got an iridescent scythe
118422 | Tomb:3   | Identified the Reference Book on Bewitching Shape Shifting
118446 | Tomb:3   | Identified the Handbook of the Arsonist and Ice
118453 | Tomb:3   | Identified the ring of Sloth {rPois MP+9} (You found it on
                  | level 3 of the Tomb of the Ancients)
118620 | Tomb:3   | Identified the +6 scythe of Gozag's Brutal Revenge {holy,
                  | rElec Str+2 Dex+4} (You found it on level 3 of the Tomb of
                  | the Ancients)
118921 | Tomb:3   | Got a golden rune of Zot
119602 | Zot:5    | Entered Level 5 of the Realm of Zot
119957 | Zot:5    | Noticed an ancient lich
119982 | Zot:5    | Killed an ancient lich
120035 | Zot:5    | Noticed an orb of fire
120042 | Zot:5    | Noticed an orb of fire
120063 | Zot:5    | Killed an orb of fire
120064 | Zot:5    | Gained mutation: You are dopey. (Int -2) [an orb of fire]
120087 | Zot:5    | Killed an orb of fire
120895 | Zot:5    | Noticed a juggernaut
120895 | Zot:5    | a Killer Klown changed into a juggernaut
120906 | Zot:5    | Killed a juggernaut
120941 | Zot:5    | Noticed an orb of fire
120943 | Zot:5    | Noticed an orb of fire
120948 | Zot:5    | Noticed an orb of fire
120951 | Zot:5    | Noticed an orb of fire
121012 | Zot:5    | Killed an orb of fire
121074 | Zot:5    | Gained mutation: Armour fits poorly on your strangely
                  | shaped body. [an orb of fire]
121085 | Zot:5    | Killed an orb of fire
121087 | Zot:5    | Gained mutation: Your spells are a little easier to cast,
                  | but a little less powerful. [an orb of fire]
121092 | Zot:5    | Killed an orb of fire
121098 | Zot:5    | Killed an orb of fire
121121 | Zot:5    | Lost mutation: Your muscles are strong. (Str +2) [potion of
                  | mutation]
121121 | Zot:5    | Lost mutation: Your spells are a little easier to cast, but
                  | a little less powerful. [potion of mutation]
121121 | Zot:5    | Lost mutation: Armour fits poorly on your strangely shaped
                  | body. [potion of mutation]
121121 | Zot:5    | Gained mutation: You have large cloven feet. [potion of
                  | mutation]
121196 | Zot:5    | Got the Orb of Zot
121900 | D:3      | Noticed Xumpomea the pandemonium lord
121915 | D:3      | Killed Xumpomea the pandemonium lord
121960 | D:1      | Gained mutation: You are very dopey. (Int -4) [a neqoxec]
121991 | D:$      | Escaped with the Orb!

Levels and vault maps discovered:
D:1:      lightli_arrival_maybe_door_vault, layout_basic
D:2:      layout_basic, old_standard_altar, lemuel_crystal_altar,
          gammafunk_temple_overflow_claw, overflow_temple_1_default,
          nicolae_gozag_seed_capital, first_ration
D:3:      layout_rooms, due_unseen_surprise, uniq_robin
D:4:      cheibrodos_barr_body, layout_basic, vehumet_altar_wand_db,
          uniq_menkaure
D:5:      layout_loops_cross, kennysheep_mini, ebering_ghost_sewer_f,
          serial_shops, shop
D:6:      wad_lake_hut, layout_basic, lemuel_doored_altar, chequers_arboretum
D:7:      minmay_clustersquares, layout_basic, old_standard_altar,
          minmay_temple_entry_arrows
D:8:      layout_gridville
D:9:      layout_rooms, lemuel_blue_sif_altar, lemuel_coloured_pillars_altar,
          erik_lair_orcish_takeover, orc_0_dummy
D:10:     minmay_ornate_pinched, layout_basic, uniq_nergalle
D:11:     layout_loops_ring, basic_altar
D:12:     layout_basic
D:13:     layout_basic, ximxim_vaults_locker_room, blue_anna_alchemist
          [blue_anna_fruit_fields, blue_anna_fruit_fields], uniq_snorg,
          uniq_jorgrun
D:14:     hangedman_arrow_trap, layout_rooms, elyvilon_altar_1
D:15:     grunt_enter_depths_hoard, layout_loops_ring, serial_shops, shop,
          basic_altar, uniq_rupert
Temple:   jpeg_temple_alley_garden
Lair:1:   layout_cave_pods, serial_bayou_lagoon_b, lemuel_fruit_tree
Lair:2:   layout_roguey [special_room_bee], palyth_hydra_swamp_entry,
          serial_bayou_shore_b, serial_bayou_shore_b
Lair:3:   layout_loops_ring, minmay_snake_entry_six_corridors, st_stairs_11,
          wad_woods_antlair
Lair:4:   layout_roguey, serial_bayou_shore_a, uniq_nessos
Lair:5:   layout_cave_shapes, minmay_lair_oklob_chamber, grunt_megastairs_3
Lair:6:   guppyfry_lair_end_dragon, layout_cave_pods, hangedman_lair_in_review,
          slime_dummy, maelrawn_ghost_gauntlet_escape
Swamp:1:  layout_basic_swamp, evilmike_swamp_ruin_house_6, uniq_louise
Swamp:2:  layout_basic_swamp, serial_swamp_ruin, hangedman_swamp_ruin_wall,
          evilmike_swamp_ruin_rubble_2, evilmike_swamp_ruin_house_2,
          infiniplex_staircase_pool_2
Swamp:3:  layout_falls_marsh, portal_ice_cave_entry_pillars_2,
          evilmike_swamp_ruin_house_5, swamp_pool4, uniq_bai_suzhen
Swamp:4:  swamp_pestilence, layout_basic_swamp
Snake:1:  layout_layer_cave
Snake:2:  layout_chambers, gammafunk_ghost_split, uniq_aizul
Snake:3:  layout_cave_town
Snake:4:  snake_pit, layout_cave_shapes
Slime:1:  layout_caves
Slime:2:  layout_caves
Slime:3:  layout_caves, basic_altar
Slime:4:  nicolae_slime_pool, layout_caves
Slime:5
Orc:1:    layout_diamond_mine, kennysheep_orc_chapel
Orc:2:    grunt_orc_community_town_hall, layout_diamond_mine,
          grunt_orc_community_big_house_2, grunt_orc_community_big_house_1,
          grunt_orc_community_house_2, grunt_orc_community_house_2,
          grunt_orc_community_house_1, grunt_orc_community_house_3, basic_altar
Elf:1:    minmay_elf_arrival_circle, layout_loops_corners, serial_shops,
          shop_scrolls, minmay_elf_sorcery, hangedman_elf_disciples
Elf:2:    layout_loops_cross, mu_enter_wizlab_5, serial_shops,
          nicolae_shop_trees
Elf:3:    elf_hall, layout_geoelf_diagonals,
          ploomutoo_gammafunk_ghost_potion_laboratory, serial_shops,
          nicolae_shop_overgrown_old_shop, fountainhead, minivault_23
Vaults:1: vaults_dpeg_hooks, v_rooms_3, v_misc_4, grunt_vaults_focal,
          vaults_mumra_chevron_long, ontoclasm_vaults_shuriken,
          nicolae_vaults_bisected_slash, grunt_vaults_hallway_long,
          layout_vaults_omnigrid, serial_shops, shop
Vaults:2: nicolae_vaults_disjoint_gnomons, nicolae_vaults_border_crossing,
          hangedman_vaults_nails, v_misc_19, vaults_room_hallway,
          vaults_room_stairs_pillars, layout_vaults_chaotic_city
Vaults:3: vaults_room_door_ring, v_pattern_4, minmay_crypt_entry_simple_corners,
          v_misc_19, vaults_room_hallway, v_misc_30, v_misc_5, v_alt_pattern_2,
          nicolae_vaults_what_the_h, vaults_dpeg_cross,
          nicolae_vaults_branching_niches, vaults_dpeg_ring,
          layout_vaults_omnibox
Vaults:4: ontoclasm_vaults_claustrophobia, nicolae_vaults_circle_grid_b, st_eye,
          v_pattern_1, nicolae_vaults_little_squares_3,
          nicolae_vaults_little_ls, dpeg_vaults_monster_row,
          nicolae_vaults_little_squares_3, nicolae_vaults_asterisk,
          vaults_dpeg_diagonal, layout_vaults_maze_snakey, basic_altar,
          uniq_saint_roka, uniq_sojobo
Vaults:5
Crypt:1:  layout_misc_corridors, fountainhead, minivault_5
Crypt:2:  layout_misc_corridors
Crypt:3:  evilmike_haunted_forest, uniq_khufu
Tomb:1
Tomb:2:   uniq_frederick
Tomb:3:   uniq_boris
Depths:1: layout_gridlike, enter_ziggurat_a, minmay_misc_feat_diagonals,
          serial_shops, bzr_in_the_mist, pf_coc_iceberg, evilmike_butchery,
          grunt_megastairs_1, minmay_shop_grove
Depths:2: minmay_swirls_squares, layout_basic, hell_entry, special_room
          [special_room_mythical_zoo], minmay_misc_feat_plants,
          infiniplex_staircase_pillars_1
Depths:3: kennysheep_blocky_room, layout_gridlike, hell_entry,
          rand_demon_pan_entry_7, minmay_fire_ice_demons,
          minmay_staircase_bubble
Depths:4: minmay_five_octagons, layout_gridlike, minmay_misc_feat_rows,
          abyss_entry, hell_entry
Depths:5: grunt_profane_halls [grunt_profane_temple_tar,
          grunt_profane_temple_dis, grunt_profane_temple_coc,
          grunt_profane_temple_geh, grunt_zot_portal], hell_entry, abyss_entry,
          pan_entry, uniq_jory
Hell
Dis:1:    grunt_deathspiral_small, layout_gridville
Dis:2:    layout_jigsaw
Dis:3:    layout_subdivisions
Dis:4:    layout_regular_city, nicolae_dis_strange_trophy_room
Dis:5:    layout_gridville
Dis:6:    layout_gridville, grunt_megastairs_4
Dis:7:    iron_city_of_dis [dis_old, dis_wall_4], layout_chaotic_city
Geh:1:    layout_gehenna_pools_box, grunt_megastairs_5
Geh:2:    layout_gehenna_pools_basic
Geh:3:    layout_gehenna_lava_caves, door_vault
Geh:4:    layout_gehenna_pools_box
Geh:5:    layout_gehenna_lava_caves
Geh:6:    layout_gehenna_pools_box
Geh:7:    geh_grunt_pentagon
Coc:1:    layout_cocytus_water_paths
Coc:2:    layout_ice_bergs
Coc:3:    layout_cocytus_water_paths
Coc:4:    layout_ice_bergs
Coc:5:    layout_cocytus_water_paths
Coc:6:    layout_cocytus_water_paths
Coc:7:    coc_grunt_cove [coc_grunt_cove_antaeus, coc_grunt_cove_fiend,
          coc_grunt_cove_fiend, coc_grunt_cove_fiend, coc_grunt_cove_fiend]
Tar:1:    layout_grid_maze, grunt_megastairs_2
Tar:2:    layout_catacombs
Tar:3:    layout_cathedral_of_symmetry
Tar:4:    layout_cathedral_of_symmetry
Tar:5:    layout_grid_maze, hangedman_tartarus_temple_path, lemuel_elevator
Tar:6:    layout_grid_maze
Tar:7:    tar_grunt_cathedral
Zot:1:    layout_cathedral_of_symmetry
Zot:2:    hangedman_zot_vaults_quadrants, layout_concentric_octagons
Zot:3:    gammafunk_dig_for_victory, layout_gridville
Zot:4:    layout_basic
Zot:5:    layout_concentric_octagons

Skill      XL: |  1  2  3  4  5  6  7  8  9 10 11 12 13 14 15 16 17 18 19 20 21 22 23 24 25 26 27 |
---------------+----------------------------------------------------------------------------------+-----
Axes           | 2 3 4 5 7 9 10 11 12 13 14 15 16 17 18 22 | 22.7
Shields        | 4 5 6 7 8 9 10 11 12 13 14 15 16 18 19 20 22 23 24 25 27 | 27.0
Fighting       | 4 5 7 8 10 12 13 15 16 17 18 19 20 21 22 23 24 25 27 | 27.0
Armour         | 4 5 6 7 8 9 10 11 12 13 14 15 27 | 27.0
Dodging        | 1 2 3 4 5 6 7 8 9 20 | 20.5
Spellcasting   | 4 6 7 8 9 10 11 24 | 24.6
Evocations     | 1 |  1.5
Throwing       | 1 |  1.6
Polearms       | 1 |  1.8
Unarmed Combat | 1 |  1.6
Staves         | 1 |  1.3
Summonings     | 20 | 20.0
Translocations | 22 | 22.9
Earth Magic    | 27 | 27.0
Stealth        | |  0.1

Action                   |  1- 3 |  4- 6 |  7- 9 | 10-12 | 13-15 | 16-18 | 19-21 | 22-24 | 25-27 || total
-------------------------+-------+-------+-------+-------+-------+-------+-------+-------+-------++-------
Melee: War axe           |   143 |   164 |   320 |   703 |   160 |    56 |    14 |       |     9 ||  1569
       Broad axe         |       |       |       |       |   731 |  1218 |  1044 |  1756 | 13021 || 17770
       Scimitar          |       |       |       |       |     5 |       |       |       |       ||     5
       Unarmed           |       |       |       |       |     2 |       |       |       |       ||     2
 Cast: Shatter           |       |       |       |       |       |       |       |       |    37 ||    37
       Summon Butterflie |       |       |       |       |       |       |       |       |    30 ||    30
       Malign Gateway    |       |       |       |       |       |       |       |       |    14 ||    14
       Controlled Blink  |       |       |       |       |       |       |       |       |    11 ||    11
       Summon Lightning  |       |       |       |       |       |       |       |       |     2 ||     2
       Aura of Abjuratio |       |       |       |       |       |       |       |       |     1 ||     1
Invok: Call Merchant     |       |       |     1 |     2 |     1 |     3 |     3 |     1 |     7 ||    18
       Potion Petition   |       |       |       |       |       |     1 |       |       |    47 ||    48
       Bribe Branch      |       |       |       |       |       |       |       |       |     1 ||     1
 Abil: Fly               |       |       |       |       |     1 |       |       |       |     3 ||     4
       Blink             |       |       |       |       |       |       |       |       |     3 ||     3
       Stop Flying       |       |       |       |       |       |       |       |       |     3 ||     3
Evoke: Wand              |       |       |       |     3 |       |     8 |     4 |     3 |    30 ||    48
       Lightning rod     |       |       |       |       |       |       |       |       |     9 ||     9
       Staff of Dispater |       |       |       |       |       |       |       |       |     3 ||     3
  Use: Scroll            |     4 |     4 |    14 |     5 |    10 |    24 |     6 |    22 |    73 ||   162
       Potion            |       |     1 |     2 |     2 |     5 |    11 |     2 |    16 |    93 ||   132
 Stab: Distracted        |       |       |       |     4 |    11 |     7 |     7 |    12 |   116 ||   157
       Confused          |       |       |       |     3 |     3 |     1 |     9 |       |       ||    16
       Petrified         |       |       |       |       |       |     9 |       |       |       ||     9
       Petrifying        |       |       |       |       |       |     1 |       |     2 |       ||     3
       Invisible         |       |       |       |       |       |       |       |       |     9 ||     9
       Paralysed         |       |       |       |       |       |       |       |       |     3 ||     3
  Eat: Ration            |       |     2 |     4 |     5 |     8 |    11 |     8 |    11 |    80 ||   129
Armor: Scale mail        |    17 |       |       |       |       |       |       |       |       ||    17
       Chain mail        |    99 |   147 |   182 |   448 |   492 |   674 |   624 |   393 |       ||  3059
       Crystal plate arm |       |       |       |       |       |       |       |   291 |  5105 ||  5396
Dodge: Dodged            |    55 |    50 |    67 |   173 |   250 |   404 |   314 |   373 |  4161 ||  5847
Block: Shield            |   101 |    97 |   154 |   410 |   608 |  1351 |  1057 |  1516 | 13711 || 19005
       Reflection        |       |       |       |     3 |    15 |    87 |    88 |   112 |   279 ||   584

Table legend:
 A = Non-vault XP
 B = Vault XP
 C = Vault XP percentage of total XP
 D = Non-vault monster count
 E = Vault monster count
 F = Vault count percentage of total count
                 A         B        C        D         E       F
            +---------+---------+-------+---------+---------+-------
      Total | 2661173 | 2033427 |  43.3 |    3994 |    1903 |  32.3
            +---------+---------+-------+---------+---------+-------
        D:1 |      38 |       0 |   0.0 |      19 |       0 |   0.0
        D:2 |      63 |       0 |   0.0 |      18 |       0 |   0.0
        D:3 |      55 |      36 |  39.6 |      22 |      12 |  35.3
        D:4 |     361 |     477 |  56.9 |      13 |      12 |  48.0
        D:5 |     699 |     528 |  43.0 |      18 |       6 |  25.0
        D:6 |     416 |       0 |   0.0 |      12 |       0 |   0.0
        D:7 |     445 |    1009 |  69.4 |       9 |      11 |  55.0
        D:8 |    1649 |       0 |   0.0 |      42 |       0 |   0.0
        D:9 |    2043 |     698 |  25.5 |      34 |      10 |  22.7
       D:10 |     865 |    3456 |  80.0 |      11 |      11 |  50.0
       D:11 |    2548 |       0 |   0.0 |      22 |       0 |   0.0
       D:12 |    5936 |       0 |   0.0 |      36 |       0 |   0.0
       D:13 |    4721 |    9604 |  67.0 |      14 |      14 |  50.0
       D:14 |    7469 |       0 |   0.0 |      26 |       0 |   0.0
       D:15 |    7954 |    4971 |  38.5 |      23 |       3 |  11.5
     Lair:1 |    4475 |       0 |   0.0 |      16 |       0 |   0.0
     Lair:2 |    5453 |    4933 |  47.5 |      21 |      33 |  61.1
     Lair:3 |    2280 |    4804 |  67.8 |      11 |      32 |  74.4
     Lair:4 |    6100 |     880 |  12.6 |      21 |       1 |   4.5
     Lair:5 |    6097 |    1503 |  19.8 |      30 |       4 |  11.8
     Lair:6 |    7483 |   19117 |  71.9 |      26 |      41 |  61.2
    Swamp:1 |    7990 |    1562 |  16.4 |      22 |       1 |   4.3
    Swamp:2 |   24579 |       0 |   0.0 |      54 |       0 |   0.0
    Swamp:3 |   13287 |    4799 |  26.5 |      36 |       1 |   2.7
    Swamp:4 |   10245 |   14919 |  59.3 |      27 |      38 |  58.5
    Snake:1 |   10568 |       0 |   0.0 |      26 |       0 |   0.0
    Snake:2 |   19709 |    6177 |  23.9 |      37 |       7 |  15.9
    Snake:3 |   10660 |       0 |   0.0 |      19 |       0 |   0.0
    Snake:4 |   11403 |   27301 |  70.5 |      16 |      42 |  72.4
    Slime:1 |   15238 |       0 |   0.0 |      12 |       0 |   0.0
    Slime:2 |    3037 |       0 |   0.0 |       7 |       0 |   0.0
    Slime:3 |   12525 |     271 |   2.1 |      19 |       1 |   5.0
    Slime:4 |   19088 |     506 |   2.6 |      32 |       2 |   5.9
    Slime:5 |   23987 |   23909 |  49.9 |      31 |      11 |  26.2
      Orc:1 |    3610 |    1190 |  24.8 |      29 |       7 |  19.4
      Orc:2 |    4906 |    5922 |  54.7 |      33 |      60 |  64.5
      Elf:1 |   26405 |   15362 |  36.8 |      42 |      24 |  36.4
      Elf:2 |   21608 |   24281 |  52.9 |      32 |      29 |  47.5
      Elf:3 |   22259 |   58239 |  72.3 |      32 |      50 |  61.0
   Vaults:1 |   11935 |    4096 |  25.6 |      22 |       9 |  29.0
   Vaults:2 |    9669 |   15644 |  61.8 |      21 |      26 |  55.3
   Vaults:3 |   33850 |   29147 |  46.3 |      50 |      51 |  50.5
   Vaults:4 |    8724 |   47913 |  84.6 |      16 |      48 |  75.0
   Vaults:5 |    9799 |   90417 |  90.2 |      15 |      75 |  83.3
    Crypt:1 |   34810 |       0 |   0.0 |      47 |       0 |   0.0
    Crypt:2 |   22776 |       0 |   0.0 |      30 |       0 |   0.0
    Crypt:3 |     112 |  103294 |  99.9 |       1 |     118 |  99.2
     Tomb:1 |    8399 |  116144 |  93.3 |      17 |      61 |  78.2
     Tomb:2 |    8866 |   47402 |  84.2 |      22 |      50 |  69.4
     Tomb:3 |   18123 |  109614 |  85.8 |      44 |      80 |  64.5
   Depths:1 |   33319 |    9297 |  21.8 |      44 |       8 |  15.4
   Depths:2 |   58942 |   44404 |  43.0 |      79 |      43 |  35.2
   Depths:3 |   25092 |   31900 |  56.0 |      29 |      36 |  55.4
   Depths:4 |   27645 |   32520 |  54.1 |      33 |      22 |  40.0
   Depths:5 |    6075 |  113121 |  94.9 |       7 |     116 |  94.3
       Hell |   20731 |   29849 |  59.0 |      21 |      41 |  66.1
      Dis:1 |   44197 |   14479 |  24.7 |      69 |      22 |  24.2
      Dis:2 |    4811 |       0 |   0.0 |      16 |       0 |   0.0
      Dis:3 |    4731 |       0 |   0.0 |       7 |       0 |   0.0
      Dis:4 |    7324 |       0 |   0.0 |      18 |       0 |   0.0
      Dis:5 |   18130 |       0 |   0.0 |      29 |       0 |   0.0
      Dis:6 |     412 |       0 |   0.0 |       1 |       0 |   0.0
      Dis:7 |   67137 |   89013 |  57.0 |      91 |      53 |  36.8
      Geh:1 |   35220 |       0 |   0.0 |      92 |       0 |   0.0
      Geh:2 |   14432 |       0 |   0.0 |      50 |       0 |   0.0
      Geh:3 |   34740 |       0 |   0.0 |      55 |       0 |   0.0
      Geh:4 |   14872 |       0 |   0.0 |      33 |       0 |   0.0
      Geh:5 |   18661 |       0 |   0.0 |      34 |       0 |   0.0
      Geh:6 |   10850 |       0 |   0.0 |      27 |       0 |   0.0
      Geh:7 |   41745 |   57245 |  57.8 |      67 |      42 |  38.5
      Coc:1 |   16517 |       0 |   0.0 |      33 |       0 |   0.0
      Coc:2 |   21693 |       0 |   0.0 |      27 |       0 |   0.0
      Coc:3 |   25268 |       0 |   0.0 |      41 |       0 |   0.0
      Coc:4 |     708 |       0 |   0.0 |       3 |       0 |   0.0
      Coc:5 |   16795 |       0 |   0.0 |      19 |       0 |   0.0
      Coc:6 |   32343 |       0 |   0.0 |      55 |       0 |   0.0
      Coc:7 |   71880 |   66088 |  47.9 |     134 |      64 |  32.3
      Tar:1 |    9998 |       1 |   0.0 |      23 |       1 |   4.2
      Tar:2 |   32217 |       0 |   0.0 |      40 |       0 |   0.0
      Tar:3 |   53751 |       0 |   0.0 |      49 |       0 |   0.0
      Tar:4 |  120564 |       0 |   0.0 |      89 |       0 |   0.0
      Tar:5 |    9923 |     839 |   7.8 |      19 |       1 |   5.0
      Tar:6 |   13422 |       0 |   0.0 |      21 |       0 |   0.0
      Tar:7 |   96689 |   84016 |  46.5 |     128 |      41 |  24.3
      Zot:1 |   59913 |       0 |   0.0 |      39 |       0 |   0.0
      Zot:2 |   67878 |   64681 |  48.8 |      41 |      33 |  44.6
      Zot:3 |   64649 |   46096 |  41.6 |      33 |      23 |  41.1
      Zot:4 |   62200 |    5449 |   8.1 |      38 |       1 |   2.6
      Zot:5 |   84577 |  121682 |  59.0 |      56 |      31 |  35.6
    Abyss:1 |   56565 |    3740 |   6.2 |      80 |       2 |   2.4
    Abyss:2 |   40309 |     593 |   1.4 |      65 |       2 |   3.0
    Abyss:3 |   65044 |    9704 |  13.0 |     134 |      17 |  11.3
    Abyss:4 |   56894 |   21333 |  27.3 |     123 |      21 |  14.6
        Pan |  406447 |  365222 |  47.3 |     492 |     265 |  35.0
      Zig:1 |    2148 |       0 |   0.0 |       2 |       0 |   0.0
      Zig:2 |    3224 |       0 |   0.0 |       2 |       0 |   0.0
      Zig:3 |    3739 |       0 |   0.0 |       4 |       0 |   0.0
      Zig:4 |    4140 |       0 |   0.0 |       5 |       0 |   0.0
      Zig:5 |    5437 |       0 |   0.0 |       8 |       0 |   0.0
      Zig:6 |    5834 |       0 |   0.0 |       8 |       0 |   0.0
      Zig:7 |    8760 |       0 |   0.0 |      11 |       0 |   0.0
      Zig:8 |    8930 |       0 |   0.0 |      10 |       0 |   0.0
      Zig:9 |   15499 |       0 |   0.0 |      13 |       0 |   0.0
     Zig:10 |   15524 |       0 |   0.0 |      16 |       0 |   0.0
     Zig:11 |   21665 |       0 |   0.0 |      23 |       0 |   0.0
     Zig:12 |   42474 |       0 |   0.0 |      17 |       0 |   0.0
     Zig:13 |   29838 |       0 |   0.0 |      25 |       0 |   0.0
     Zig:14 |   20654 |       0 |   0.0 |      24 |       0 |   0.0
     Zig:15 |    2680 |       0 |   0.0 |       7 |       0 |   0.0
     WizLab |       0 |   22030 | 100.0 |       0 |      37 | 100.0
            +---------+---------+-------+---------+---------+-------
